 Dungeon Crawl Stone Soup version 0.30-a0-223-gcb0039aa0c (webtiles) character file.

Game seed: 12384538873846811694

393147 qw the Hoplite (level 23, -6/156 HPs)
             Began as a Gargoyle Fighter on Oct 9, 2022.
             Was an Elder of Okawaru.
             Splashed by a caustic shrike's acid (9 damage)
             ... summoned by an orange crystal statue
             ... on level 4 of the Depths.
             The game lasted 00:27:32 (45641 turns).

qw the Hoplite (Gargoyle Fighter)                  Turns: 45641, Time: 00:27:33

Health: -6/156     AC: 50    Str: 29      XL:     23   Next: 14%
Magic:  15/30      EV: 23    Int:  6 (9)  God:    Okawaru [****..]
Gold:   1659       SH: 32    Dex: 22      Spells: 22/22 levels left

rFire   . . .      SeeInvis .    m - +4 war axe (vamp)
rCold   + + .      Faith    .    q - +1 tower shield {rPois}
rNeg    + . .      Spirit   .    b - +5 plate armour of Limited Liability {rC++ Regen+ Int-2}
rPois   inf        Reflect  +    e - +2 helmet
rElec   +          Harm     .    z - +5 cloak of Gaymolor {Dex+4}
rCorr   .          Rampage  .    I - +2 pair of gloves of Daonoesi {Dex+6}
Will    +....                    K - +1 pair of boots "Suykakuhal" {rPois Dex+3}
Stlth   ..........               j - amulet of reflection
HPRegen 1.26/turn                f - +4 ring of protection
MPRegen 0.22/turn                F - +4 ring of evasion

@: about to teleport, heroic, corroded, flying
A: sickness immunity, AC +17, big wings, negative energy resistance 1,
electricity resistance, torment resistance 1, petrification resistance, mutation
resistance 1
}: 2/15 runes: serpentine, barnacled
a: Renounce Religion, Heroism, Finesse


You were on level 4 of the Depths.
You worshipped Okawaru.
Okawaru was greatly pleased with you.
You visited 8 branches of the dungeon, and saw 39 of its levels.
You visited the Abyss 1 time.
You visited 1 bazaar.
You also visited: Sewer.

You collected 4971 gold pieces.
You spent 3312 gold pieces at shops.


Innate Abilities, Weirdness & Mutations

You are immune to sickness and miasma.
Your stone body is resilient. (AC +17)
You are immune to poison.
Your large and strong wings let you fly.
You resist negative energy. (rN+)
You are resistant to electric shocks. (rElec)
You are resistant to unholy torment.
You are immune to petrification.
You are somewhat resistant to further mutation.


   Skills:
 - Level 20.0(25.0) Fighting
 - Level 18.0(23.0) Axes
 - Level 11.0(16.0) Throwing
 + Level 19.9(24.9) Armour
 - Level 10.1(15.1) Dodging
 - Level 21.0(26.0) Shields
 - Level 10.0 Invocations


You had 22 spell levels left.
You didn't know any spells.
Your spell library was empty.

Inventory:

Hand Weapons
 m - a +4 vampiric war axe (weapon)
 u - a +4 broad axe of venom
Missiles
 o - 45 boomerangs
 t - 9 silver javelins (quivered)
 w - a silver boomerang
 E - 12 boomerangs of dispersal
 J - 9 javelins
Armour
 b - the +5 plate armour of Limited Liability (worn) {rC++ Regen+ Int-2}
   (Okawaru gifted it to you on level 12 of the Dungeon)

   Int:       It affects your intelligence (-2).
   rC:        It greatly protects you from cold.
   Regen:     It increases your rate of health regeneration.
 c - a scarf of resistance
 e - a +2 helmet (worn)
 p - the +1 leather armour of Vehumet's Approval {rF+ rN+ rCorr}
   (You found it on level 5 of the Dungeon)

   rF:        It protects you from fire.
   rN:        It protects you from negative energy.
   rCorr:     It protects you from acid and corrosion.
 q - a +1 tower shield of poison resistance (worn)
 z - the +5 cloak of Gaymolor (worn) {Dex+4}
   (Okawaru gifted it to you on level 1 of the Orcish Mines)

   Dex:       It affects your dexterity (+4).
 I - the +2 pair of gloves of Daonoesi (worn) {Dex+6}
   (Okawaru gifted it to you on level 4 of the Snake Pit)

   Dex:       It affects your dexterity (+6).
 K - the +1 pair of boots "Suykakuhal" (worn) {rPois Dex+3}
   (Okawaru gifted it to you on level 1 of the Depths)

   Dex:       It affects your dexterity (+3).
   rPois:     It protects you from poison.
Jewellery
 f - a +4 ring of protection (left hand)
 h - a ring of ice
 i - a ring of fire
 j - an amulet of reflection (around neck)
 v - a ring of protection from fire
 y - the amulet "Ydaeneaph" {Faith rC++ Regen+ Str-4 Stlth+}
   (You bought it in a shop in a bazaar)

   [amulet of faith]

   It allows you to gain divine favour quickly.
   Str:       It affects your strength (-4).
   rC:        It greatly protects you from cold.
   Regen:     It increases your rate of health regeneration.
   Stlth:     It makes you more stealthy.
 F - a +4 ring of evasion (right hand)
 G - a ring of ice
 H - a ring of resist corrosion
Scrolls
 a - 32 scrolls of identify
 l - 23 scrolls of teleportation
 D - 4 scrolls of enchant armour
Potions
 d - 13 potions of might
 g - 15 potions of curing
 k - 8 potions of heal wounds
 n - 2 potions of cancellation
 r - 10 potions of haste
 s - 5 potions of attraction
 x - 6 potions of magic
 A - 3 potions of resistance
 B - 2 potions of mutation
 C - 6 potions of lignification

Dungeon Overview and Level Annotations

Branches:
Dungeon (15/15)            Temple (1/1) D:6            Lair (5/5) D:11
 Shoals (4/4) Lair:2        Snake (4/4) Lair:3        Slime (0/5) Lair:4
    Orc (2/2) D:9             Elf (0/3) Orc:2        Vaults (4/5) D:14
  Crypt (0/3) Vaults:3     Depths (4/4) D:15          Sewer (visited)
    Zot: Depths:4

Altars:
Ashenzari
Cheibriados
Dithmenos
Elyvilon
Fedhas
Gozag
Hepliaklqana
Kikubaaqudgha
Makhleb
Nemelex Xobeh
Okawaru
Qazlal
Ru
Sif Muna
Trog
Uskayaw
Vehumet
Wu Jian
Xom
Yredelemnul
Zin
The Shining One
Jiyva

Shops:
D:7 *   Orc:2 =!??(?(   Shoals:3 =   Snake:4 ?((   Vaults:1 *   Vaults:4 :

Portals:
Hell: Depths:1 Depths:2 Depths:3
Abyss: Vaults:4 Depths:1 Depths:3
Pandemonium: Depths:2 Depths:3
Ziggurat: Depths:1

Annotations:
D:13 2 transporters, Kiokkeho's ghost, journeyman TrMo
Lair:3 1 runed translucent door, Ceyvaan's ghost, journeyman DEFE
Lair:5 1 runed translucent door
Shoals:2 2 transporters, Witt's ghost, adept GrFi
Snake:3 1 transporter
Vaults:4 4 transporters, qw's ghost, veteran GrFi


Message History

You miss the caustic shrike. x2; You slash the caustic shrike!
You hit the deep troll shaman but do no damage.
You barely miss the caustic shrike. You block the caustic shrike's attack.
The caustic shrike claws you but does no damage.
You block the caustic shrike's attack. x2
The deep troll shaman bites you but does no damage.
The deep troll shaman claws you but does no damage.
You block the deep troll shaman's attack.
The tengu conjurer barely misses you.
The tengu conjurer pecks you but does no damage.
The tengu conjurer completely misses you.
You slice the tengu conjurer!!
You kill the tengu conjurer!
The tengu conjurer's corpse dissolves into shadows!
The battlesphere dissipates.
You slash the caustic shrike!
You hit the caustic shrike but do no damage.
You miss the caustic shrike. x2; You barely miss the deep troll shaman.
The caustic shrike claws you but does no damage.
You block the caustic shrike's attack. The caustic shrike misses you. x2
The caustic shrike claws you but does no damage.
You block the caustic shrike's attack. The caustic shrike barely misses you.
You block the caustic shrike's attack. The deep troll shaman bites you.
The deep troll shaman misses you.
The deep troll shaman closely misses you.
You hit the caustic shrike but do no damage.
The caustic shrike is heavily wounded.
You hit the caustic shrike. You closely miss the caustic shrike.
You hit the deep troll shaman but do no damage.
You closely miss the caustic shrike. You block the caustic shrike's attack.
The caustic shrike claws you. The acid corrodes you!
You are splashed with acid!
You block the caustic shrike's attack. x2
45641 ||| READING 24 scrolls of teleportation.
As you read the scroll of teleportation, it crumbles to dust.
You feel strangely unstable.
You block the caustic shrike's attack. x4; The caustic shrike claws you!
You are splashed with acid.
The caustic shrike claws you! The acid corrodes you!
You are splashed with acid!
You die...

#............#
#............##
#.............
#...........#
#.....$.....#
#.....8T....#
.#........bb.[..#
#.........b@T...#
#######..#......b....####.
..........................
..............0...........
)...######.#.####.........
...........[.####.!.......
#........).%.[............
##........[)..............
.##..#######..#######..###


You could see 4 caustic shrikes, an orange crystal statue, a deep troll
(summoned, fast, strong) and a deep troll shaman (summoned).

Vanquished Creatures
  A dread lich (Abyss:3)
  Sojobo (Depths:1)
  Xtahua (Vaults:4)
  Margery (Vaults:3)
  2 bone dragons
  Zenata (Vaults:3)
  Jorgrun (D:12)
  A tentacled monstrosity (Depths:3)
  3 liches
  Rupert (Lair:4)
  2 krakens
  A deep elf master archer (Depths:3)
  7 sphinxes
  A tentacled starspawn (Abyss:3)
  Kirke (D:14)
  Roxanne (D:15)
  Ilsuiw (Shoals:3)
  3 tengu reavers
  A shadow dragon (Depths:4)
  A revenant (Vaults:3)
  6 nagarajas
  3 storm dragons
  2 azure jellies (Depths:2)
  5 frost giants
  6 fire giants
  An iron dragon (Depths:2)
  Aizul (Depths:1)
  A cacodemon (Depths:3)
  Louise (Snake:1)
  4 orc warlords
  14 vault wardens
  A draconian annihilator (Depths:4)
  17 ironbound preservers
  8 ironbound thunderhulks
  A spriggan defender (Depths:2)
  6 stone giants
  A juggernaut skeleton (Depths:2)
  A green draconian (Depths:4)
  5 very ugly things
  3 vampire knights
  6 dire elephants (Vaults:4)
  A spark wasp (shapeshifter) (Vaults:4)
  2 deep elf death magi
  A white draconian (Depths:4)
  3 crystal guardians
  A blizzard demon (Depths:2)
  Snorg (D:12)
  6 merfolk javelineers
  Josephine (Orc:1)
  2 eidola
  A green death (Abyss:3)
  7 yaktaur captains
  9 ettins
  7 fire dragons
  An entropy weaver (Vaults:1)
  15 merfolk impalers
  7 ice dragons
  A spriggan zombie (Depths:2)
  6 hydras
  2 rakshasas (Depths:1)
  5 great orbs of eyes
  10 vault guards
  Fannar (Lair:2)
  3 peacekeepers
  Erica (D:9)
  2 salamander tyrants
  4 catoblepae
  4 merfolk aquamancers
  3 ghost crabs (Depths:2)
  5 ogre magi
  3 merfolk avatars
  10 ironbound frosthearts
  6 spriggan air magi
  21 anacondas
  A dancing weapon (Abyss:3)
  11 centaur warriors
  6 boulder beetles
  A deep troll shaman (Depths:1)
  2 satyrs
  10 two-headed ogres
  21 naga warriors
  9 tengu warriors
  6 deep troll earth magi
  Urug (D:11)
  3 death yaks
  4 shock serpents (Snake:1)
  A deep elf knight (D:14)
  11 naga sharpshooters
  An orc high priest (Orc:2)
  8 hell knights
  8 spriggan berserkers
  3 soul eaters
  Sonja (Lair:5)
  A skeletal warrior (Vaults:3)
  A sixfirhy (Depths:3)
  3 salamander mystics
  A sun demon (Depths:2)
  3 wretched stars (Abyss:3)
  9 iron trolls
  A quicksilver dragon simulacrum (Depths:2)
  A titan skeleton (Depths:2)
  6 sea snakes
  41 deep trolls
  2 flayed ghosts (Depths:2)
  4 glowing orange brains
  3 lindwurms
  A spriggan simulacrum (Depths:2)
  A swamp dragon (Lair:1)
  A tengu zombie (Depths:2)
  An orb spider (shapeshifter) (D:9)
  11 naga ritualists
  8 wizards
  11 harpies
  A golden dragon skeleton (Depths:2)
  4 phantasmal warriors
  3 deep elf zephyrmancers (Depths:2)
  18 ironbound convokers
  19 orc knights
  26 ugly things
  15 manticores
  6 mana vipers
  6 orc sorcerers
  10 fauns
  6 necromancers
  2 sphinx skeletons (Depths:2)
  5 cyclopes
  2 worldbinders (Depths:2)
  A centaur zombie (D:15)
  15 merfolk sirens
  16 salamanders
  5 elephants (Lair:3)
  33 black mambas
  10 guardian serpents
  29 naga magi
  An orange demon (Depths:3)
  An apocalypse crab (Abyss:2)
  7 torpor snails
  10 water nymphs
  A gargoyle (D:12)
  2 ice statues (Depths:2)
  2 smoke demons
  A water nymph (shapeshifter) (Depths:4)
  15 vault sentinels
  3 rime drakes
  13 cane toads
  8 komodo dragons
  3 efreet
  A spark wasp simulacrum (Depths:2)
  3 kobold demonologists
  11 yaktaurs
  4 tengu conjurers
  A freezing wraith (D:15)
  A komodo dragon (shapeshifter) (D:14)
  3 red devils (Depths:2)
  A hellwing (Depths:2)
  An ancient zyme (Abyss:2)
  A troll (shapeshifter) (Vaults:4)
  A queen bee (Lair:3)
  28 merfolk
  12 trolls
  4 tyrant leeches (Lair:5)
  16 hornets
  A tengu simulacrum (Depths:2)
  5 polar bears
  13 slime creatures
  A wolf spider simulacrum (D:15)
  3 raiju (Abyss:3)
  8 saltlings (Orc:2)
  15 dream sheep
  15 wind drakes
  9 blink frogs
  8 snapping turtles
  7 air elementals (Shoals:4)
  A centaur simulacrum (D:15)
  8 wraiths
  2 ynoxinuls
  A shadow (D:11)
  18 spriggans
  21 water elementals
  A large abomination (Abyss:3)
  46 yaks
  4 wyverns
  3 hogs (D:14)
  2 chaos spawn (Depths:2)
  2 redbacks (Vaults:1)
  A steam dragon (D:6)
  10 basilisks
  7 wargs
  21 vampire mosquitoes
  A harpy simulacrum (Depths:2)
  58 nagas
  Edmund (D:6)
  A hydra simulacrum (Depths:2)
  14 water moccasins
  31 orc warriors
  A swamp drake (Lair:1)
  4 black bears
  2 black mamba simulacra (Depths:2)
  A fire dragon simulacrum (Depths:2)
  8 boggarts
  6 ogres
  2 wolves (Orc:2)
  8 centaurs
  3 phantoms
  3 small abominations (Depths:2)
  7 kobold brigands
  17 bullfrogs
  2 earth elementals (Depths:2)
  2 scorpions (D:5)
  A necrophage (D:8)
  12 wights
  An elephant simulacrum (Depths:2)
  36 killer bees
  7 howler monkeys
  An electric eel (Lair:4)
  A quasit (Abyss:2)
  3 hounds
  11 orc priests
  3 gnoll boudas
  2 iguanas
  22 orc wizards
  Robin (D:3)
  11 gnolls
  2 naga simulacra (Depths:2)
  8 adders
  2 river rats (Sewer)
  2 shadow imps (D:7)
  A white imp (Abyss:2)
  5 worms
  A dart slug (D:2)
  90 orcs
  13 ball pythons
  7 bats
  8 endoplasms
  6 giant cockroaches
  15 goblins
  9 hobgoblins
  3 quokkas (D:4)
  4 frilled lizards
  15 kobolds
  9 rats
  A bush (Depths:3)
  A pillar of salt (Orc:2)
  2 starspawn tentacles (Abyss:3)
  5 tentacles
1608 creatures vanquished.

Vanquished Creatures (others)
  A nagaraja (Snake:4)
  A rakshasa (Depths:2)
  An ogre mage (Depths:2)
  A naga mage (Depths:2)
  A snapping turtle (Shoals:1)
  2 bushes (Depths:3)
  19 fungi
  10 pillars of salt (Orc:2)
  172 plants
  2 starspawn tentacles (Abyss:3)
  4 tentacles
  A withered plant (Shoals:3)
215 creatures vanquished.

Grand Total: 1823 creatures vanquished

Notes
Turn   | Place    | Note
-------+----------+-------------------------------------------
     0 | D:1      | qw the Gargoyle Fighter began the quest for the Orb.
     0 | D:1      | Reached XP level 1. HP: 14/14 MP: 1/1
     0 | D:1      | 0 ||| qw: Version: 0.2-a-17-g06abaee
     0 | D:1      | 0 ||| qw: Game counter: 2144
     0 | D:1      | 0 ||| qw: Always use a shield: true
     0 | D:1      | 0 ||| qw: God list: Okawaru
     0 | D:1      | 0 ||| qw: Allow faded altars: false
     0 | D:1      | 0 ||| qw: Do Orc after D:15 true
     0 | D:1      | 0 ||| qw: Do second Lair branch before Depths: true
     0 | D:1      | 0 ||| qw: Lair rune preference: random
     0 | D:1      | 0 ||| qw: Plans: Normal, Zot:1-4, God:TSO, Crypt, Tomb,
                  | Pan, Slime:5, Hells, Abyss, Orb
     0 | D:1      | 0 ||| PLANNING D:1-11
   218 | D:1      | Reached XP level 2. HP: 11/19 MP: 2/2
   675 | D:1      | 675 ||| UPGRADING to +0 cloak.
   680 | D:1      | 680 ||| UPGRADING to +4 ring of protection.
   681 | D:1      | 681 ||| READING scroll labelled GOELUL ZAICHUT.
   682 | D:1      | 682 ||| READING scroll labelled LENTYM JUNKE.
   683 | D:1      | 683 ||| READING scroll labelled ZEYS COSKOIR.
   733 | D:2      | Reached skill level 3 in Axes
   733 | D:2      | Reached XP level 3. HP: 23/23 MP: 3/3
   983 | D:2      | 983 ||| Stepping ~*~*~tactically~*~*~ (stealth).
   984 | D:2      | 984 ||| Stepping ~*~*~tactically~*~*~ (stealth).
   997 | D:2      | 997 ||| Stepping ~*~*~tactically~*~*~ (stealth).
   998 | D:2      | 998 ||| Stepping ~*~*~tactically~*~*~ (stealth).
  1040 | D:2      | 1040 ||| Stepping ~*~*~tactically~*~*~ (stealth).
  1041 | D:2      | 1041 ||| Stepping ~*~*~tactically~*~*~ (stealth).
  1042 | D:2      | 1042 ||| Stepping ~*~*~tactically~*~*~ (stealth).
  1258 | D:2      | Reached XP level 4. HP: 28/28 MP: 4/4
  1287 | D:2      | 1287 ||| Stepping ~*~*~tactically~*~*~ (stealth).
  1288 | D:2      | 1288 ||| Stepping ~*~*~tactically~*~*~ (stealth).
  1310 | D:2      | 1310 ||| Stepping ~*~*~tactically~*~*~ (hiding).
  1350 | D:2      | Found a faded altar of an unknown god.
  1719 | D:2      | 1719 ||| READING scroll labelled GEUB QENIGI.
  1720 | D:2      | 1720 ||| READING scroll labelled WUDO FECVI.
  1721 | D:2      | 1721 ||| READING scroll labelled NUOSUA XEYTSEE.
  1722 | D:2      | 1722 ||| READING scroll labelled YNAASHR SIPA.
  1723 | D:2      | 1723 ||| READING scroll labelled JYPPENI PESM.
  1762 | D:3      | 1762 ||| Stepping ~*~*~tactically~*~*~ (stealth).
  1768 | D:3      | 1768 ||| Stepping ~*~*~tactically~*~*~ (stealth).
  1811 | D:3      | Noticed Robin
  1828 | D:3      | Killed Robin
  1914 | D:3      | Noticed an ogre
  1915 | D:3      | 1915 ||| Stepping ~*~*~tactically~*~*~ (stealth).
  1916 | D:3      | 1916 ||| Stepping ~*~*~tactically~*~*~ (stealth).
  1919 | D:3      | 1919 ||| Stepping ~*~*~tactically~*~*~ (stealth).
  1929 | D:3      | Killed an ogre
  1930 | D:3      | Reached XP level 5. HP: 24/32 MP: 5/5
  2232 | D:3      | 2232 ||| UPGRADING to +0 helmet.
  2237 | D:3      | 2237 ||| UPGRADING to amulet of reflection.
  2246 | D:4      | 2246 ||| PLANNING SEWER
  2246 | D:4      | Found a sparkling altar of Nemelex Xobeh.
  2249 | D:4      | Noticed a black bear
  2257 | D:4      | Killed a black bear
  2258 | D:4      | Reached XP level 6. HP: 39/39 MP: 6/6
  2304 | D:4      | Found a glowing silver altar of Zin.
  2309 | D:4      | Reached skill level 1 in Dodging
  2358 | D:4      | 2358 ||| DROPPING +0 club.
  2395 | D:4      | 2395 ||| Stepping ~*~*~tactically~*~*~ (stealth).
  2398 | D:4      | 2398 ||| Stepping ~*~*~tactically~*~*~ (hiding).
  2581 | D:4      | Reached skill level 6 in Axes
  2581 | D:4      | Reached XP level 7. HP: 43/44 MP: 7/7
  2613 | D:4      | Found a glowing drain.
  2624 | D:4      | 2624 ||| READING 3 scrolls of identify.
  2624 | D:4      | 2624 ||| IDENTIFYING pink potion
  2634 | Sewer    | Entered a sewer
  3086 | Sewer    | 3086 ||| Stepping ~*~*~tactically~*~*~ (water).
  3147 | Sewer    | 3147 ||| READING scroll of enchant weapon.
  3147 | Sewer    | 3147 ||| ENCHANTING +1 war axe of venom.
  3230 | Sewer    | Reached XP level 8. HP: 48/49 MP: 8/8
  3257 | Sewer    | 3257 ||| READING scroll labelled MOEDDI KIENUG.
  3258 | Sewer    | 3258 ||| READING 2 scrolls of identify.
  3258 | Sewer    | 3258 ||| IDENTIFYING metallic silvery potion
  3259 | Sewer    | 3259 ||| DROPPING potion of invisibility.
  3281 | D:4      | 3281 ||| PLANNING D:1-11
  3404 | D:4      | Found an ancient bone altar of Kikubaaqudgha.
  3407 | D:4      | Found a white marble altar of Elyvilon.
  3488 | D:4      | 3488 ||| Stepping ~*~*~tactically~*~*~ (stealth).
  3489 | D:4      | 3489 ||| Stepping ~*~*~tactically~*~*~ (stealth).
  3694 | D:5      | Entered Level 5 of the Dungeon
  3709 | D:5      | 3709 ||| Stepping ~*~*~tactically~*~*~ (stealth).
  3710 | D:5      | 3710 ||| Stepping ~*~*~tactically~*~*~ (stealth).
  3773 | D:5      | 3773 ||| DROPPING amulet of magic regeneration.
  3781 | D:5      | 3781 ||| STAIRDANCE
  3785 | D:5      | 3785 ||| STAIRDANCE
  3789 | D:5      | 3789 ||| STAIRDANCE
  3793 | D:5      | 3793 ||| STAIRDANCE
  3797 | D:5      | 3797 ||| STAIRDANCE
  3801 | D:5      | 3801 ||| STAIRDANCE
  3805 | D:5      | 3805 ||| STAIRDANCE
  3809 | D:5      | 3809 ||| STAIRDANCE
  3813 | D:5      | 3813 ||| STAIRDANCE
  3817 | D:5      | 3817 ||| STAIRDANCE
  3821 | D:5      | 3821 ||| STAIRDANCE
  3825 | D:5      | 3825 ||| STAIRDANCE
  3829 | D:5      | 3829 ||| STAIRDANCE
  3833 | D:5      | 3833 ||| STAIRDANCE
  3837 | D:5      | 3837 ||| STAIRDANCE
  3841 | D:5      | 3841 ||| STAIRDANCE
  3845 | D:5      | 3845 ||| STAIRDANCE
  3849 | D:5      | 3849 ||| STAIRDANCE
  3853 | D:5      | 3853 ||| STAIRDANCE
  3857 | D:5      | 3857 ||| STAIRDANCE
  3864 | D:5      | 3864 ||| FLEEEEING.
  4016 | D:5      | 4016 ||| Stepping ~*~*~tactically~*~*~ (stealth).
  4027 | D:5      | 4027 ||| Stepping ~*~*~tactically~*~*~ (stealth).
  4031 | D:5      | 4031 ||| Stepping ~*~*~tactically~*~*~ (stealth).
  4032 | D:5      | 4032 ||| Stepping ~*~*~tactically~*~*~ (stealth).
  4033 | D:5      | 4033 ||| Stepping ~*~*~tactically~*~*~ (stealth).
  4103 | D:5      | Reached skill level 1 in Throwing
  4104 | D:5      | Identified the +1 leather armour of Vehumet's Approval {rF+
                  | rN+ rCorr}
  4131 | D:5      | Reached skill level 6 in Fighting
  4167 | D:5      | Found a burning altar of Makhleb.
  4181 | D:5      | Found a glowing golden altar of the Shining One.
  4191 | D:5      | Found a snail-covered altar of Cheibriados.
  4201 | D:5      | Found a hide-covered altar of Uskayaw.
  4467 | D:5      | 4467 ||| UPGRADING to +0 pair of boots.
  4472 | D:5      | 4472 ||| READING scroll labelled CUN KAONUMATES.
  4473 | D:5      | 4473 ||| READING 4 scrolls of identify.
  4473 | D:5      | 4473 ||| IDENTIFYING red potion
  4474 | D:5      | 4474 ||| READING 3 scrolls of identify.
  4474 | D:5      | 4474 ||| IDENTIFYING cyan potion
  4475 | D:5      | 4475 ||| READING 2 scrolls of identify.
  4475 | D:5      | 4475 ||| IDENTIFYING bubbling brown potion
  4476 | D:5      | 4476 ||| DROPPING potion of brilliance.
  4644 | D:6      | 4644 ||| Stepping ~*~*~tactically~*~*~ (hiding).
  4645 | D:6      | Noticed a yak
  4653 | D:6      | Reached skill level 9 in Axes
  4659 | D:6      | Killed a yak
  4660 | D:6      | Reached skill level 4 in Shields
  4660 | D:6      | Reached XP level 9. HP: 37/55 MP: 9/9
  4849 | D:6      | 4849 ||| Stepping ~*~*~tactically~*~*~ (stealth).
  5050 | D:6      | 5050 ||| Stepping ~*~*~tactically~*~*~ (hiding).
  5229 | D:6      | 5229 ||| Stepping ~*~*~tactically~*~*~ (cloud).
  5231 | D:6      | 5231 ||| FLEEEEING.
  5236 | D:6      | 5236 ||| FLEEEEING.
  5246 | D:6      | 5246 ||| Stepping ~*~*~tactically~*~*~ (hiding).
  5484 | D:6      | Found a staircase to the Ecumenical Temple.
  5485 | D:6      | 5485 ||| PLANNING TEMPLE
  5485 | D:6      | 5485 ||| UPGRADING to +0 plate armour.
  5495 | D:6      | 5495 ||| DROPPING +0 scale mail.
  5496 | D:6      | 5496 ||| DROPPING amulet of guardian spirit.
  5508 | Temple   | Entered the Ecumenical Temple
  5638 | Temple   | 5638 ||| PLANNING D:1-11
  5726 | D:6      | Noticed Edmund
  5735 | D:6      | Killed Edmund
  5738 | D:6      | 5738 ||| DROPPING +0 flail.
  5750 | D:6      | 5750 ||| Stepping ~*~*~tactically~*~*~ (hiding).
  6015 | D:6      | Found an opulent altar of Gozag.
  6190 | D:6      | 6190 ||| UPGRADING to +0 pair of gloves.
  6195 | D:6      | 6195 ||| READING 3 scrolls labelled KIWKUHOSK LUET.
  6196 | D:6      | 6196 ||| DRINKING 2 black potions.
  6197 | D:6      | 6197 ||| DROPPING 2 scrolls of magic mapping.
  6237 | D:7      | 6237 ||| Stepping ~*~*~tactically~*~*~ (water).
  6247 | D:7      | Reached skill level 6 in Armour
  6247 | D:7      | 6247 ||| FLEEEEING.
  6248 | D:7      | 6248 ||| FLEEEEING.
  6249 | D:7      | 6249 ||| STAIRDANCE
  6278 | D:7      | 6278 ||| STAIRDANCE
  6417 | D:7      | 6417 ||| Stepping ~*~*~tactically~*~*~ (hiding).
  6423 | D:7      | 6423 ||| Stepping ~*~*~tactically~*~*~ (hiding).
  6424 | D:7      | 6424 ||| Stepping ~*~*~tactically~*~*~ (hiding).
  6425 | D:7      | 6425 ||| Stepping ~*~*~tactically~*~*~ (hiding).
  6426 | D:7      | 6426 ||| Stepping ~*~*~tactically~*~*~ (hiding).
  6631 | D:7      | Reached XP level 10. HP: 63/63 MP: 10/10
  6643 | D:7      | 6643 ||| Stepping ~*~*~tactically~*~*~ (stealth).
  6846 | D:7      | Found Vefrib's Assorted Antiques.
  6854 | D:7      | 6854 ||| SHOPLISTING brightly glowing crystal plate armour
                  | (2210 gold, have 409).
  6854 | D:7      | 6854 ||| BUYING scroll of identify (52 gold).
  6854 | D:7      | Bought a scroll of identify for 52 gold pieces
  6911 | D:7      | Noticed a boulder beetle
  6923 | D:7      | Killed a boulder beetle
  7180 | D:7      | 7180 ||| READING 5 scrolls of identify.
  7180 | D:7      | 7180 ||| IDENTIFYING bubbling cyan potion
  7181 | D:7      | 7181 ||| READING 4 scrolls of identify.
  7181 | D:7      | 7181 ||| IDENTIFYING sedimented green potion
  7182 | D:7      | 7182 ||| DROPPING potion of ambrosia.
  7183 | D:7      | 7183 ||| DROPPING potion of flight.
  7471 | D:8      | Found an iron altar of Okawaru.
  7472 | D:8      | 7472 ||| PLANNING OKAWARU WORSHIP
  7489 | D:8      | Became a worshipper of Warmaster Okawaru
  7490 | D:8      | 7490 ||| PLANNING D:1-11
  7517 | D:8      | 7517 ||| Stepping ~*~*~tactically~*~*~ (stealth).
  7518 | D:8      | 7518 ||| Stepping ~*~*~tactically~*~*~ (stealth).
  7519 | D:8      | 7519 ||| Stepping ~*~*~tactically~*~*~ (stealth).
  7520 | D:8      | 7520 ||| Stepping ~*~*~tactically~*~*~ (stealth).
  7527 | D:8      | 7527 ||| Stepping ~*~*~tactically~*~*~ (stealth).
  7674 | D:8      | 7674 ||| UPGRADING to +6 ring of strength.
  7675 | D:8      | 7675 ||| READING scroll labelled HIANODD FYOVVI.
  7788 | D:9      | Noticed a two-headed ogre
  7798 | D:9      | Killed a two-headed ogre
  7799 | D:9      | 7799 ||| STAIRDANCE
  7882 | D:9      | 7882 ||| Stepping randomly (stuck).
  7883 | D:9      | 7883 ||| Stepping randomly (stuck).
  7884 | D:9      | 7884 ||| Stepping randomly (stuck).
  7885 | D:9      | 7885 ||| Stepping randomly (stuck).
  7887 | D:9      | 7887 ||| Stepping randomly (stuck).
  7895 | D:9      | 7895 ||| Stepping randomly (stuck).
  7896 | D:9      | 7896 ||| Stepping randomly (stuck).
  7897 | D:9      | 7897 ||| Stepping randomly (stuck).
  7899 | D:9      | 7899 ||| Stepping randomly (stuck).
  7900 | D:9      | 7900 ||| Stepping randomly (stuck).
  7900 | D:9      | Noticed a green ugly thing
  7901 | D:9      | 7901 ||| Stepping randomly (stuck).
  7902 | D:9      | 7902 ||| Stepping randomly (stuck).
  7903 | D:9      | 7903 ||| Stepping randomly (stuck).
  7904 | D:9      | 7904 ||| Stepping randomly (stuck).
  7905 | D:9      | 7905 ||| Stepping randomly (stuck).
  7906 | D:9      | Noticed Erica
  7907 | D:9      | 7907 ||| Stepping randomly (stuck).
  7908 | D:9      | 7908 ||| Stepping randomly (stuck).
  7909 | D:9      | 7909 ||| Stepping randomly (stuck).
  7910 | D:9      | 7910 ||| Stepping randomly (stuck).
  7911 | D:9      | 7911 ||| Stepping randomly (stuck).
  7930 | D:9      | 7930 ||| Stepping randomly (stuck).
  7931 | D:9      | 7931 ||| Stepping randomly (stuck).
  7933 | D:9      | 7933 ||| Stepping randomly (stuck).
  7935 | D:9      | 7935 ||| Stepping randomly (stuck).
  7980 | D:9      | 7980 ||| Stepping ~*~*~tactically~*~*~ (stealth).
  7986 | D:9      | Reached skill level 5 in Shields
  8002 | D:9      | Killed a green ugly thing
  8002 | D:9      | Reached * piety under Okawaru
  8012 | D:9      | 8012 ||| Stepping ~*~*~tactically~*~*~ (hiding).
  8013 | D:9      | 8013 ||| Stepping ~*~*~tactically~*~*~ (hiding).
  8018 | D:9      | Reached skill level 1 in Invocations
  8019 | D:9      | 8019 ||| FLEEEEING.
  8020 | D:9      | 8020 ||| FLEEEEING.
  8021 | D:9      | 8021 ||| FLEEEEING.
  8022 | D:9      | 8022 ||| FLEEEEING.
  8023 | D:9      | 8023 ||| FLEEEEING.
  8024 | D:9      | 8024 ||| FLEEEEING.
  8025 | D:9      | 8025 ||| FLEEEEING.
  8026 | D:9      | 8026 ||| FLEEEEING.
  8027 | D:9      | 8027 ||| FLEEEEING.
  8028 | D:9      | 8028 ||| INVOKING Heroism.
  8071 | D:9      | 8071 ||| Stepping randomly (stuck).
  8072 | D:9      | 8072 ||| Stepping randomly (stuck).
  8073 | D:9      | 8073 ||| Stepping randomly (stuck).
  8074 | D:9      | 8074 ||| Stepping randomly (stuck).
  8075 | D:9      | 8075 ||| Stepping randomly (stuck).
  8076 | D:9      | 8076 ||| Stepping randomly (stuck).
  8077 | D:9      | 8077 ||| Stepping randomly (stuck).
  8078 | D:9      | 8078 ||| Stepping randomly (stuck).
  8079 | D:9      | 8079 ||| Stepping randomly (stuck).
  8080 | D:9      | 8080 ||| Stepping randomly (stuck).
  8081 | D:9      | 8081 ||| Stepping randomly (stuck).
  8082 | D:9      | 8082 ||| Stepping randomly (stuck).
  8083 | D:9      | 8083 ||| Stepping randomly (stuck).
  8084 | D:9      | 8084 ||| Stepping randomly (stuck).
  8086 | D:9      | 8086 ||| Stepping randomly (stuck).
  8087 | D:9      | 8087 ||| Stepping randomly (stuck).
  8088 | D:9      | 8088 ||| Stepping randomly (stuck).
  8089 | D:9      | 8089 ||| Stepping randomly (stuck).
  8090 | D:9      | 8090 ||| Stepping randomly (stuck).
  8091 | D:9      | 8091 ||| Stepping randomly (stuck).
  8092 | D:9      | 8092 ||| Stepping randomly (stuck).
  8093 | D:9      | 8093 ||| Stepping randomly (stuck).
  8094 | D:9      | 8094 ||| Stepping randomly (stuck).
  8095 | D:9      | 8095 ||| Stepping randomly (stuck).
  8096 | D:9      | 8096 ||| Stepping randomly (stuck).
  8097 | D:9      | 8097 ||| Stepping randomly (stuck).
  8098 | D:9      | 8098 ||| Stepping randomly (stuck).
  8099 | D:9      | 8099 ||| READING 4 scrolls of teleportation.
  8115 | D:9      | Identified the +7 chain mail of Fiosu {Int+2}
  8116 | D:9      | 8116 ||| Stepping ~*~*~tactically~*~*~ (hiding).
  8117 | D:9      | 8117 ||| Stepping ~*~*~tactically~*~*~ (hiding).
  8137 | D:9      | 8137 ||| Stepping ~*~*~tactically~*~*~ (stealth).
  8151 | D:9      | 8151 ||| INVOKING Heroism.
  8236 | D:9      | 8236 ||| INVOKING Heroism.
  8237 | D:9      | Found a staircase to the Orcish Mines.
  8245 | D:9      | Reached skill level 3 in Invocations
  8248 | D:9      | Reached XP level 11. HP: 57/69 MP: 11/13
  8403 | D:9      | 8403 ||| Stepping ~*~*~tactically~*~*~ (hiding).
  8408 | D:9      | 8408 ||| INVOKING Heroism.
  8410 | D:9      | 8410 ||| Stepping ~*~*~tactically~*~*~ (hiding).
  8423 | D:9      | Noticed an orb spider
  8424 | D:9      | 8424 ||| Stepping ~*~*~tactically~*~*~ (stealth).
  8426 | D:9      | 8426 ||| Stepping ~*~*~tactically~*~*~ (stealth).
  8431 | D:9      | Killed an orb spider
  8431 | D:9      | Reached ** piety under Okawaru
  8464 | D:9      | 8464 ||| INVOKING Heroism.
  8470 | D:9      | Killed Erica
  8471 | D:9      | Reached skill level 9 in Fighting
  8537 | D:9      | Identified the +3 halberd of the Shore {vorpal, Contam
                  | rF+++ rC+}
  8661 | D:9      | 8661 ||| Stepping ~*~*~tactically~*~*~ (hiding).
  8666 | D:9      | 8666 ||| INVOKING Heroism.
  8737 | D:9      | Noticed a two-headed ogre
  8738 | D:9      | 8738 ||| INVOKING Heroism.
  8748 | D:9      | Killed a two-headed ogre
  8857 | D:9      | 8857 ||| UPGRADING to +7 chain mail of Fiosu {Int+2}.
  8867 | D:9      | 8867 ||| DROPPING +0 plate armour.
  8868 | D:9      | 8868 ||| DRINKING 2 fizzy clear potions.
  8869 | D:9      | 8869 ||| DROPPING potion of degeneration.
  8898 | D:10     | Entered Level 10 of the Dungeon
  8923 | D:10     | 8923 ||| INVOKING Heroism.
  8996 | D:10     | 8996 ||| Stepping ~*~*~tactically~*~*~ (hiding).
  8998 | D:10     | 8998 ||| INVOKING Heroism.
  8999 | D:10     | 8999 ||| Stepping ~*~*~tactically~*~*~ (hiding).
  9006 | D:10     | Reached *** piety under Okawaru
  9127 | D:10     | 9127 ||| Stepping ~*~*~tactically~*~*~ (stealth).
  9253 | D:10     | 9253 ||| READING scroll of enchant weapon.
  9253 | D:10     | 9253 ||| ENCHANTING +2 war axe of venom.
  9400 | D:10     | Found a flagged portal.
  9510 | D:10     | 9510 ||| Stepping ~*~*~tactically~*~*~ (stealth).
  9663 | D:10     | 9663 ||| DROPPING ring of flight.
  9734 | D:11     | Reached skill level 12 in Axes
  9789 | D:11     | 9789 ||| INVOKING Heroism.
  9932 | D:11     | 9932 ||| INVOKING Heroism.
  9996 | D:11     | Noticed Urug
  9997 | D:11     | 9997 ||| INVOKING Heroism.
 10010 | D:11     | Killed Urug
 10010 | D:11     | Reached **** piety under Okawaru
 10011 | D:11     | Reached skill level 6 in Shields
 10276 | D:11     | 10276 ||| INVOKING Heroism.
 10393 | D:11     | 10393 ||| DRINKING 6 potions of curing.
 10393 | D:11     | 10393 ||| (to cure confusion)
 10394 | D:11     | 10394 ||| Stepping ~*~*~tactically~*~*~ (hiding).
 10396 | D:11     | 10396 ||| Stepping ~*~*~tactically~*~*~ (hiding).
 10397 | D:11     | 10397 ||| Stepping ~*~*~tactically~*~*~ (hiding).
 10398 | D:11     | 10398 ||| Stepping ~*~*~tactically~*~*~ (hiding).
 10653 | D:11     | Noticed a manticore
 10654 | D:11     | 10654 ||| INVOKING Heroism.
 10661 | D:11     | Killed a manticore
 10813 | D:11     | Found a staircase to the Lair.
 10814 | D:11     | 10814 ||| INVOKING Heroism.
 10820 | D:11     | Reached skill level 3 in Throwing
 10907 | D:11     | 10907 ||| PLANNING LAIR
 10907 | D:11     | 10907 ||| READING scroll labelled DIYFIA YM DUA.
 10968 | Lair:1   | Entered Level 1 of the Lair of Beasts
 10969 | Lair:1   | 10969 ||| INVOKING Heroism.
 11038 | Lair:1   | Noticed a swamp dragon
 11039 | Lair:1   | 11039 ||| Stepping ~*~*~tactically~*~*~ (hiding).
 11041 | Lair:1   | 11041 ||| Stepping ~*~*~tactically~*~*~ (hiding).
 11043 | Lair:1   | 11043 ||| Stepping ~*~*~tactically~*~*~ (stealth).
 11053 | Lair:1   | Killed a swamp dragon
 11054 | Lair:1   | Reached XP level 12. HP: 55/77 MP: 14/16
 11056 | Lair:1   | 11056 ||| INVOKING Heroism.
 11082 | Lair:1   | Reached skill level 6 in Invocations
 11150 | Lair:1   | 11150 ||| READING 3 scrolls of enchant weapon.
 11150 | Lair:1   | 11150 ||| ENCHANTING +3 war axe of venom.
 11151 | Lair:1   | 11151 ||| READING 2 scrolls of enchant weapon.
 11151 | Lair:1   | 11151 ||| ENCHANTING +4 war axe of venom.
 11152 | Lair:1   | 11152 ||| READING scroll of enchant weapon.
 11152 | Lair:1   | 11152 ||| ENCHANTING +5 war axe of venom.
 11266 | Lair:1   | 11266 ||| INVOKING Heroism.
 11323 | Lair:1   | 11323 ||| READING scroll of enchant armour.
 11323 | Lair:1   | 11323 ||| ENCHANTING +0 pair of gloves.
 11379 | Lair:1   | You fall into a shaft and drop 1 floor!
 11433 | Lair:2   | 11433 ||| DROPPING ring of positive energy.
 11434 | Lair:2   | 11434 ||| READING 7 scrolls of identify.
 11434 | Lair:2   | 11434 ||| IDENTIFYING lumpy dark potion
 11451 | Lair:2   | Noticed a four-headed hydra
 11452 | Lair:2   | 11452 ||| INVOKING Heroism.
 11455 | Lair:2   | 11455 ||| SWAPPING to +2 flail of draining.
 11457 | Lair:2   | Killed a four-headed hydra
 11458 | Lair:2   | 11458 ||| SWAPPING to +6 war axe of venom.
 11547 | Lair:1   | Reached ***** piety under Okawaru
 11579 | Lair:1   | 11579 ||| Stepping ~*~*~tactically~*~*~ (stealth).
 11589 | Lair:1   | 11589 ||| Stepping ~*~*~tactically~*~*~ (stealth).
 11770 | Lair:1   | Noticed a catoblepas
 11771 | Lair:1   | 11771 ||| Stepping ~*~*~tactically~*~*~ (hiding).
 11774 | Lair:1   | 11774 ||| INVOKING Heroism.
 11775 | Lair:1   | 11775 ||| INVOKING Finesse.
 11782 | Lair:1   | Killed a catoblepas
 12129 | Lair:2   | Noticed Fannar
 12132 | Lair:2   | 12132 ||| INVOKING Heroism.
 12149 | Lair:2   | Killed Fannar
 12184 | Lair:2   | 12184 ||| Stepping ~*~*~tactically~*~*~ (stealth).
 12185 | Lair:2   | 12185 ||| FLEEEEING.
 12237 | Lair:2   | 12237 ||| Stepping ~*~*~tactically~*~*~ (stealth).
 12238 | Lair:2   | 12238 ||| Stepping ~*~*~tactically~*~*~ (stealth).
 12248 | Lair:2   | 12248 ||| Stepping ~*~*~tactically~*~*~ (stealth).
 12250 | Lair:2   | 12250 ||| INVOKING Heroism.
 12252 | Lair:2   | 12252 ||| Stepping ~*~*~tactically~*~*~ (hiding).
 12263 | Lair:2   | Found a staircase to the Shoals.
 12451 | Lair:2   | Noticed a six-headed hydra
 12452 | Lair:2   | 12452 ||| INVOKING Heroism.
 12453 | Lair:2   | 12453 ||| SWAPPING to +2 flail of draining.
 12454 | Lair:2   | 12454 ||| INVOKING Finesse.
 12455 | Lair:2   | 12455 ||| INVOKING Finesse.
 12460 | Lair:2   | Killed a six-headed hydra
 12461 | Lair:2   | 12461 ||| SWAPPING to +6 war axe of venom.
 12546 | Lair:2   | Noticed a boulder beetle
 12547 | Lair:2   | 12547 ||| INVOKING Heroism.
 12548 | Lair:2   | 12548 ||| INVOKING Finesse.
 12558 | Lair:2   | Killed a boulder beetle
 12559 | Lair:2   | Reached skill level 9 in Invocations
 12641 | Lair:2   | 12641 ||| DROPPING +1 vorpal mace.
 12751 | Lair:2   | 12751 ||| Stepping ~*~*~tactically~*~*~ (stealth).
 12760 | Lair:2   | 12760 ||| Stepping ~*~*~tactically~*~*~ (stealth).
 12760 | Lair:2   | Received a gift from Okawaru
 12766 | Lair:2   | 12766 ||| INVOKING Heroism.
 12821 | Lair:2   | 12821 ||| Stepping ~*~*~tactically~*~*~ (stealth).
 12823 | Lair:2   | 12823 ||| Stepping ~*~*~tactically~*~*~ (stealth).
 12834 | Lair:2   | Identified the +1 plate armour of the Lobster {Regen+
                  | Int+3} (Okawaru gifted it to you on level 2 of the Lair of
                  | Beasts)
 12834 | Lair:2   | Received a gift from Okawaru
 13130 | Lair:2   | 13130 ||| UPGRADING to +1 plate armour of the Lobster
                  | {Regen+ Int+3}.
 13140 | Lair:2   | 13140 ||| DROPPING +7 chain mail of Fiosu {Int+2}.
 13141 | Lair:2   | 13141 ||| UPGRADING to +1 pair of boots.
 13151 | Lair:2   | 13151 ||| DROPPING +0 pair of boots.
 13224 | Lair:3   | Reached XP level 13. HP: 82/82 MP: 20/20
 13231 | Lair:3   | Found a staircase to the Snake Pit.
 13267 | Lair:3   | 13267 ||| Stepping ~*~*~tactically~*~*~ (stealth).
 13270 | Lair:3   | 13270 ||| INVOKING Heroism.
 13277 | Lair:3   | Reached skill level 9 in Armour
 13322 | Lair:3   | 13322 ||| INVOKING Heroism.
 13517 | Lair:3   | 13517 ||| INVOKING Heroism.
 13518 | Lair:3   | 13518 ||| INVOKING Finesse.
 13521 | Lair:3   | 13521 ||| SWAPPING to +2 flail of draining.
 13528 | Lair:3   | 13528 ||| SWAPPING to +6 war axe of venom.
 13705 | Lair:3   | Found a runed translucent door.
 13705 | Lair:3   | Noticed Ceyvaan's ghost (journeyman DEFE)
 13709 | Lair:3   | 13709 ||| INVOKING Heroism.
 13940 | Lair:3   | 13940 ||| FLEEEEING.
 13941 | Lair:3   | 13941 ||| FLEEEEING.
 13942 | Lair:3   | 13942 ||| FLEEEEING.
 13945 | Lair:3   | 13945 ||| INVOKING Heroism.
 14029 | Lair:3   | 14029 ||| INVOKING Heroism.
 14030 | Lair:3   | 14030 ||| INVOKING Finesse.
 14290 | Lair:3   | 14290 ||| DRINKING 2 fuming silvery potions.
 14395 | Lair:3   | 14395 ||| DROPPING potion of berserk rage.
 14482 | Lair:4   | 14482 ||| Stepping ~*~*~tactically~*~*~ (stealth).
 14485 | Lair:4   | 14485 ||| Stepping ~*~*~tactically~*~*~ (stealth).
 14579 | Lair:4   | 14579 ||| INVOKING Heroism.
 14580 | Lair:4   | 14580 ||| INVOKING Finesse.
 14582 | Lair:4   | 14582 ||| SWAPPING to +2 flail of draining.
 14586 | Lair:4   | 14586 ||| SWAPPING to +6 war axe of venom.
 14649 | Lair:4   | 14649 ||| Stepping ~*~*~tactically~*~*~ (stealth).
 14697 | Lair:4   | Noticed Rupert
 14698 | Lair:4   | 14698 ||| INVOKING Heroism.
 14699 | Lair:4   | 14699 ||| INVOKING Finesse.
 14706 | Lair:4   | Killed Rupert
 14757 | Lair:4   | 14757 ||| INVOKING Heroism.
 14758 | Lair:4   | 14758 ||| INVOKING Finesse.
 14820 | Lair:4   | 14820 ||| Stepping ~*~*~tactically~*~*~ (hiding).
 14822 | Lair:4   | 14822 ||| INVOKING Heroism.
 14948 | Lair:4   | 14948 ||| Stepping ~*~*~tactically~*~*~ (stealth).
 14956 | Lair:4   | 14956 ||| INVOKING Heroism.
 14963 | Lair:4   | Received a gift from Okawaru
 15009 | Lair:4   | 15009 ||| INVOKING Finesse.
 15010 | Lair:4   | 15010 ||| Stepping ~*~*~tactically~*~*~ (stealth).
 15012 | Lair:4   | Reached skill level 7 in Shields
 15013 | Lair:4   | 15013 ||| INVOKING Heroism.
 15033 | Lair:4   | Received a gift from Okawaru
 15072 | Lair:4   | 15072 ||| SWAPPING to +2 broad axe of electrocution.
 15073 | Lair:4   | 15073 ||| DROPPING +6 war axe of venom.
 15171 | Lair:4   | 15171 ||| Stepping ~*~*~tactically~*~*~ (stealth).
 15174 | Lair:4   | 15174 ||| INVOKING Heroism.
 15217 | Lair:4   | Found a staircase to the Slime Pits.
 15217 | Lair:4   | Found a viscous altar of Jiyva.
 15278 | Lair:4   | 15278 ||| INVOKING Heroism.
 15349 | Lair:4   | Gained mutation: Your large and strong wings let you fly.
                  | [Gargoyle growth]
 15349 | Lair:4   | Reached XP level 14. HP: 90/90 MP: 21/21
 15393 | Lair:4   | 15393 ||| INVOKING Heroism.
 15394 | Lair:4   | 15394 ||| INVOKING Finesse.
 15398 | Lair:4   | 15398 ||| Stepping ~*~*~tactically~*~*~ (stealth).
 15410 | Lair:4   | 15410 ||| SWAPPING to +2 flail of draining.
 15413 | Lair:4   | 15413 ||| Stepping ~*~*~tactically~*~*~ (outnumbered).
 15418 | Lair:4   | 15418 ||| Stepping ~*~*~tactically~*~*~ (outnumbered).
 15419 | Lair:4   | 15419 ||| SWAPPING to +2 broad axe of electrocution.
 15421 | Lair:4   | 15421 ||| SWAPPING to +2 flail of draining.
 15424 | Lair:4   | 15424 ||| SWAPPING to +2 broad axe of electrocution.
 15426 | Lair:4   | 15426 ||| SWAPPING to +2 flail of draining.
 15432 | Lair:4   | 15432 ||| Stepping ~*~*~tactically~*~*~ (outnumbered).
 15433 | Lair:4   | 15433 ||| Stepping ~*~*~tactically~*~*~ (outnumbered).
 15434 | Lair:4   | 15434 ||| Stepping ~*~*~tactically~*~*~ (outnumbered).
 15435 | Lair:4   | 15435 ||| Stepping ~*~*~tactically~*~*~ (outnumbered).
 15436 | Lair:4   | 15436 ||| Stepping ~*~*~tactically~*~*~ (outnumbered).
 15437 | Lair:4   | 15437 ||| INVOKING Heroism.
 15438 | Lair:4   | 15438 ||| Stepping ~*~*~tactically~*~*~ (outnumbered).
 15443 | Lair:4   | 15443 ||| SWAPPING to +2 broad axe of electrocution.
 15452 | Lair:4   | Reached skill level 6 in Throwing
 15461 | Lair:4   | 15461 ||| Stepping ~*~*~tactically~*~*~ (stealth).
 15697 | Lair:4   | 15697 ||| DRINKING 3 sedimented grey potions.
 15703 | Lair:5   | Entered Level 5 of the Lair of Beasts
 15709 | Lair:5   | 15709 ||| INVOKING Heroism.
 15780 | Lair:5   | Noticed Sonja
 15782 | Lair:5   | 15782 ||| INVOKING Finesse.
 15783 | Lair:5   | 15783 ||| INVOKING Finesse.
 15787 | Lair:5   | 15787 ||| Stepping ~*~*~tactically~*~*~ (stealth).
 15800 | Lair:5   | Killed Sonja
 15838 | Lair:5   | 15838 ||| INVOKING Heroism.
 15921 | Lair:5   | Found a runed translucent door.
 15922 | Lair:5   | 15922 ||| INVOKING Heroism.
 15953 | Lair:5   | 15953 ||| Stepping ~*~*~tactically~*~*~ (stealth).
 15954 | Lair:5   | 15954 ||| Stepping ~*~*~tactically~*~*~ (stealth).
 15980 | Lair:5   | 15980 ||| INVOKING Heroism.
 15981 | Lair:5   | Received a gift from Okawaru
 15987 | Lair:5   | 15987 ||| Stepping ~*~*~tactically~*~*~ (stealth).
 15993 | Lair:5   | 15993 ||| Stepping ~*~*~tactically~*~*~ (stealth).
 15996 | Lair:5   | 15996 ||| Stepping ~*~*~tactically~*~*~ (stealth).
 16027 | Lair:5   | 16027 ||| INVOKING Heroism.
 16066 | Lair:5   | Received a gift from Okawaru
 16067 | Lair:5   | Reached skill level 15 in Axes
 16095 | Lair:5   | 16095 ||| INVOKING Heroism.
 16144 | Lair:5   | 16144 ||| READING scroll of enchant armour.
 16144 | Lair:5   | 16144 ||| ENCHANTING +1 pair of gloves.
 16191 | Lair:5   | 16191 ||| Stepping ~*~*~tactically~*~*~ (stealth).
 16193 | Lair:5   | 16193 ||| Stepping ~*~*~tactically~*~*~ (hiding).
 16280 | Lair:5   | 16280 ||| Stepping ~*~*~tactically~*~*~ (stealth).
 16282 | Lair:5   | 16282 ||| Stepping ~*~*~tactically~*~*~ (hiding).
 16341 | Lair:5   | 16341 ||| INVOKING Heroism.
 16342 | Lair:5   | 16342 ||| INVOKING Finesse.
 16468 | Lair:5   | 16468 ||| INVOKING Heroism.
 16493 | Lair:5   | Reached skill level 12 in Fighting
 16555 | Lair:5   | Reached skill level 3 in Dodging
 16747 | Lair:5   | 16747 ||| Stepping ~*~*~tactically~*~*~ (stealth).
 16749 | Lair:5   | 16749 ||| Stepping ~*~*~tactically~*~*~ (stealth).
 16755 | Lair:5   | 16755 ||| INVOKING Heroism.
 16992 | Lair:5   | 16992 ||| PLANNING D
 16992 | Lair:5   | 16992 ||| DROPPING ring of wizardry.
 16993 | Lair:5   | 16993 ||| READING scroll labelled ODENGASSOPTA.
 17130 | D:12     | Noticed Jorgrun
 17131 | D:12     | 17131 ||| Stepping ~*~*~tactically~*~*~ (hiding).
 17136 | D:12     | 17136 ||| INVOKING Heroism.
 17137 | D:12     | 17137 ||| INVOKING Finesse.
 17140 | D:12     | Killed Jorgrun
 17145 | D:12     | Identified the +5 plate armour of Limited Liability {rC++
                  | Regen+ Int-2} (Okawaru gifted it to you on level 12 of the
                  | Dungeon)
 17145 | D:12     | Received a gift from Okawaru
 17154 | D:12     | 17154 ||| SWAPPING to +2 flail of draining.
 17164 | D:12     | 17164 ||| SWAPPING to +2 broad axe of electrocution.
 17203 | D:12     | Noticed Snorg
 17204 | D:12     | 17204 ||| Stepping ~*~*~tactically~*~*~ (stealth).
 17206 | D:12     | 17206 ||| INVOKING Heroism.
 17207 | D:12     | 17207 ||| INVOKING Finesse.
 17216 | D:12     | Killed Snorg
 17232 | D:12     | 17232 ||| Stepping ~*~*~tactically~*~*~ (stealth).
 17236 | D:12     | 17236 ||| Stepping ~*~*~tactically~*~*~ (stealth).
 17830 | D:12     | 17830 ||| UPGRADING to +5 plate armour of Limited Liability
                  | {rC++ Regen+ Int-2}.
 17840 | D:12     | 17840 ||| DROPPING +1 plate armour of the Lobster {Regen+
                  | Int+3}.
 17965 | D:13     | Identified the +4 long sword of Joyful Slaughter {vorpal,
                  | rF+ Str+2 Dex-3}
 18023 | D:13     | 18023 ||| Stepping ~*~*~tactically~*~*~ (stealth).
 18136 | D:13     | Noticed Kiokkeho's ghost (journeyman TrMo)
 18160 | D:13     | Found a transporter.
 18169 | D:13     | Found a transporter.
 18173 | D:13     | 18173 ||| INVOKING Heroism.
 18174 | D:13     | 18174 ||| INVOKING Finesse.
 18219 | D:13     | Found the +3 Elemental Staff {rElec rF++ rC++ AC+5}
 18234 | D:13     | 18234 ||| Stepping ~*~*~tactically~*~*~ (stealth).
 18237 | D:13     | 18237 ||| INVOKING Heroism.
 18554 | D:13     | 18554 ||| DROPPING orb of wrath.
 18555 | D:13     | 18555 ||| READING 16 scrolls of identify.
 18555 | D:13     | 18555 ||| IDENTIFYING sedimented sapphire potion
 18599 | D:14     | Reached XP level 15. HP: 96/96 MP: 22/22
 18618 | D:14     | 18618 ||| Stepping ~*~*~tactically~*~*~ (stealth).
 18622 | D:14     | 18622 ||| INVOKING Heroism.
 18663 | D:14     | Reached skill level 8 in Shields
 18680 | D:14     | 18680 ||| Stepping ~*~*~tactically~*~*~ (hiding).
 18684 | D:14     | 18684 ||| Stepping ~*~*~tactically~*~*~ (hiding).
 18690 | D:14     | 18690 ||| INVOKING Heroism.
 18751 | D:14     | Noticed Kirke
 18752 | D:14     | 18752 ||| INVOKING Heroism.
 18753 | D:14     | 18753 ||| INVOKING Finesse.
 18772 | D:14     | 18772 ||| DRINKING potion of cancellation.
 18776 | D:14     | Killed Kirke
 18777 | D:14     | Reached skill level 12 in Armour
 18866 | D:14     | 18866 ||| INVOKING Heroism.
 18927 | D:14     | Paralysed by something for 2 turns
 18933 | D:14     | 18933 ||| INVOKING Heroism.
 19020 | D:14     | Found a gate to the Vaults.
 19156 | Abyss:2  | Cast into level 2 of the Abyss (a wizard)
 19162 | Abyss:2  | Found a corrupted altar of Lugonu.
 19166 | Abyss:2  | 19166 ||| Stepping ~*~*~tactically~*~*~ (cloud).
 19312 | Abyss:3  | 19312 ||| Stepping ~*~*~tactically~*~*~ (stealth).
 19314 | Abyss:3  | Noticed a tentacled starspawn
 19319 | Abyss:3  | 19319 ||| INVOKING Heroism.
 19324 | Abyss:3  | Killed a tentacled starspawn
 19324 | Abyss:3  | Received a gift from Okawaru
 19381 | Abyss:3  | 19381 ||| Stepping ~*~*~tactically~*~*~ (hiding).
 19405 | Abyss:3  | 19405 ||| Stepping ~*~*~tactically~*~*~ (stealth).
 19418 | Abyss:3  | 19418 ||| Stepping ~*~*~tactically~*~*~ (stealth).
 19517 | Abyss:3  | 19517 ||| Stepping ~*~*~tactically~*~*~ (stealth).
 19518 | Abyss:3  | 19518 ||| Stepping ~*~*~tactically~*~*~ (stealth).
 19519 | Abyss:3  | 19519 ||| Stepping ~*~*~tactically~*~*~ (stealth).
 19538 | Abyss:3  | 19538 ||| Stepping ~*~*~tactically~*~*~ (stealth).
 19539 | Abyss:3  | 19539 ||| Stepping ~*~*~tactically~*~*~ (stealth).
 19540 | Abyss:3  | 19540 ||| Stepping ~*~*~tactically~*~*~ (stealth).
 19544 | Abyss:3  | 19544 ||| Stepping ~*~*~tactically~*~*~ (stealth).
 19587 | Abyss:3  | Noticed a dread lich
 19588 | Abyss:3  | 19588 ||| Stepping ~*~*~tactically~*~*~ (hiding).
 19591 | Abyss:3  | 19591 ||| INVOKING Heroism.
 19592 | Abyss:3  | 19592 ||| INVOKING Finesse.
 19604 | Abyss:3  | Noticed an Executioner
 19608 | Abyss:3  | Killed a dread lich
 19608 | Abyss:3  | Received a gift from Okawaru
 19635 | D:14     | Escaped the Abyss
 19694 | D:14     | 19694 ||| Stepping ~*~*~tactically~*~*~ (hiding).
 19696 | D:14     | 19696 ||| Stepping ~*~*~tactically~*~*~ (hiding).
 19699 | D:14     | 19699 ||| INVOKING Heroism.
 19749 | D:14     | 19749 ||| UPGRADING to +0 kite shield.
 19759 | D:14     | 19759 ||| DROPPING +0 buckler.
 19760 | D:14     | 19760 ||| DROPPING ring of willpower.
 19761 | D:14     | 19761 ||| READING scroll labelled TEUZAG EZEETEI.
 19783 | D:15     | Entered Level 15 of the Dungeon
 19802 | D:15     | 19802 ||| Stepping ~*~*~tactically~*~*~ (stealth).
 19803 | D:15     | 19803 ||| INVOKING Heroism.
 19825 | D:15     | Reached skill level 9 in Shields
 19904 | D:15     | 19904 ||| INVOKING Heroism.
 19950 | D:15     | 19950 ||| Stepping ~*~*~tactically~*~*~ (hiding).
 19998 | D:15     | 19998 ||| Stepping ~*~*~tactically~*~*~ (hiding).
 20000 | D:15     | 20000 ||| Stepping ~*~*~tactically~*~*~ (hiding).
 20023 | D:15     | 20023 ||| INVOKING Heroism.
 20132 | D:15     | Noticed Roxanne
 20133 | D:15     | 20133 ||| INVOKING Heroism.
 20134 | D:15     | 20134 ||| INVOKING Finesse.
 20154 | D:15     | Killed Roxanne
 20154 | D:15     | Received a gift from Okawaru
 20155 | D:15     | Reached skill level 10 in Shields
 20230 | D:15     | 20230 ||| Stepping ~*~*~tactically~*~*~ (hiding).
 20253 | D:15     | 20253 ||| READING scroll of brand weapon.
 20253 | D:15     | 20253 ||| BRANDING +2 broad axe of electrocution.
 20287 | D:15     | 20287 ||| INVOKING Heroism.
 20288 | D:15     | 20288 ||| INVOKING Finesse.
 20392 | D:15     | 20392 ||| INVOKING Heroism.
 20408 | D:15     | Reached XP level 16. HP: 101/101 MP: 23/23
 20721 | D:15     | 20721 ||| INVOKING Heroism.
 20727 | D:15     | Reached skill level 11 in Shields
 20730 | D:15     | 20730 ||| Stepping ~*~*~tactically~*~*~ (hiding).
 20789 | D:15     | 20789 ||| Stepping ~*~*~tactically~*~*~ (hiding).
 20814 | D:15     | Found a staircase to the Depths.
 20840 | D:15     | 20840 ||| PLANNING ORC
 20840 | D:15     | 20840 ||| UPGRADING to scarf of resistance.
 20850 | D:15     | 20850 ||| READING scroll labelled AKHLY KIKHIEPE.
 20851 | D:15     | 20851 ||| READING 17 scrolls of identify.
 20851 | D:15     | 20851 ||| IDENTIFYING bubbling black potion
 21016 | Orc:1    | Entered Level 1 of the Orcish Mines
 21040 | Orc:1    | 21040 ||| INVOKING Heroism.
 21153 | Orc:1    | 21153 ||| Stepping ~*~*~tactically~*~*~ (hiding).
 21154 | Orc:1    | 21154 ||| Stepping ~*~*~tactically~*~*~ (hiding).
 21162 | Orc:1    | 21162 ||| Stepping ~*~*~tactically~*~*~ (hiding).
 21168 | Orc:1    | 21168 ||| INVOKING Heroism.
 21172 | Orc:1    | 21172 ||| Stepping ~*~*~tactically~*~*~ (hiding).
 21174 | Orc:1    | 21174 ||| INVOKING Finesse.
 21400 | Orc:2    | Entered Level 2 of the Orcish Mines
 21400 | Orc:2    | Found Ekurhin's Magic Scroll Shop.
 21400 | Orc:2    | Found a staircase to the Elven Halls.
 21400 | Orc:2    | Found Nidukh's Jewellery Boutique.
 21401 | Orc:2    | 21401 ||| INVOKING Heroism.
 21402 | Orc:2    | 21402 ||| INVOKING Finesse.
 21406 | Orc:2    | Reached skill level 12 in Shields
 21448 | Orc:1    | 21448 ||| Stepping ~*~*~tactically~*~*~ (hiding).
 21457 | Orc:1    | Noticed Josephine
 21466 | Orc:1    | Killed Josephine
 21554 | Orc:1    | 21554 ||| INVOKING Heroism.
 21555 | Orc:1    | 21555 ||| INVOKING Finesse.
 21558 | Orc:1    | 21558 ||| Stepping ~*~*~tactically~*~*~ (hiding).
 21572 | Orc:1    | Identified the +5 cloak of Gaymolor {Dex+4} (Okawaru gifted
                  | it to you on level 1 of the Orcish Mines)
 21572 | Orc:1    | Received a gift from Okawaru
 21682 | Orc:1    | 21682 ||| DROPPING +0 cloak.
 21683 | Orc:1    | 21683 ||| UPGRADING to +5 cloak of Gaymolor {Dex+4}.
 21705 | Orc:2    | 21705 ||| BUYING ring of fire (350 gold).
 21705 | Orc:2    | Bought a ring of fire for 350 gold pieces
 21752 | Orc:2    | 21752 ||| Stepping ~*~*~tactically~*~*~ (stealth).
 21755 | Orc:2    | 21755 ||| Stepping ~*~*~tactically~*~*~ (stealth).
 21757 | Orc:2    | 21757 ||| Stepping ~*~*~tactically~*~*~ (stealth).
 21759 | Orc:2    | 21759 ||| Stepping ~*~*~tactically~*~*~ (stealth).
 21760 | Orc:2    | 21760 ||| INVOKING Heroism.
 21830 | Orc:2    | 21830 ||| Stepping ~*~*~tactically~*~*~ (stealth).
 21879 | Orc:2    | 21879 ||| BUYING scroll of teleportation (33 gold).
 21879 | Orc:2    | Bought a scroll of teleportation for 33 gold pieces
 21879 | Orc:2    | 21879 ||| BUYING scroll of teleportation (33 gold).
 21879 | Orc:2    | Bought a scroll of teleportation for 33 gold pieces
 21951 | Orc:2    | 21951 ||| Stepping ~*~*~tactically~*~*~ (stealth).
 21965 | Orc:2    | 21965 ||| Stepping ~*~*~tactically~*~*~ (stealth).
 21967 | Orc:2    | 21967 ||| Stepping ~*~*~tactically~*~*~ (stealth).
 21968 | Orc:2    | 21968 ||| Stepping ~*~*~tactically~*~*~ (stealth).
 21969 | Orc:2    | 21969 ||| INVOKING Heroism.
 22036 | Orc:2    | 22036 ||| Stepping ~*~*~tactically~*~*~ (hiding).
 22037 | Orc:2    | 22037 ||| INVOKING Heroism.
 22064 | Orc:2    | 22064 ||| INVOKING Heroism.
 22077 | Orc:2    | Reached skill level 13 in Shields
 22102 | Orc:2    | 22102 ||| Stepping ~*~*~tactically~*~*~ (hiding).
 22104 | Orc:2    | 22104 ||| INVOKING Heroism.
 22114 | Orc:2    | Found Xuhiask's Magic Scroll Shoppe.
 22146 | Orc:2    | Found Soyqat's Weapon Shoppe.
 22166 | Orc:2    | 22166 ||| INVOKING Heroism.
 22224 | Orc:2    | Found Ugiost's Distillery.
 22230 | Orc:2    | 22230 ||| BUYING potion of curing (36 gold).
 22230 | Orc:2    | Bought a potion of curing for 36 gold pieces
 22230 | Orc:2    | 22230 ||| BUYING potion of curing (36 gold).
 22230 | Orc:2    | Bought a potion of curing for 36 gold pieces
 22230 | Orc:2    | 22230 ||| BUYING potion of haste (120 gold).
 22230 | Orc:2    | Bought a potion of haste for 120 gold pieces
 22230 | Orc:2    | 22230 ||| BUYING potion of heal wounds (60 gold).
 22230 | Orc:2    | Bought a potion of heal wounds for 60 gold pieces
 22230 | Orc:2    | 22230 ||| BUYING potion of magic (96 gold).
 22230 | Orc:2    | Bought a potion of magic for 96 gold pieces
 22230 | Orc:2    | 22230 ||| BUYING potion of magic (96 gold).
 22230 | Orc:2    | Bought a potion of magic for 96 gold pieces
 22279 | Orc:2    | Found Eruvvum's Magic Scroll Emporium.
 22285 | Orc:2    | 22285 ||| BUYING 2 scrolls of enchant armour (180 gold).
 22285 | Orc:2    | Bought 2 scrolls of enchant armour for 180 gold pieces
 22285 | Orc:2    | 22285 ||| BUYING scroll of enchant armour (90 gold).
 22285 | Orc:2    | Bought a scroll of enchant armour for 90 gold pieces
 22285 | Orc:2    | 22285 ||| BUYING scroll of enchant armour (90 gold).
 22285 | Orc:2    | Bought a scroll of enchant armour for 90 gold pieces
 22285 | Orc:2    | 22285 ||| BUYING scroll of teleportation (36 gold).
 22285 | Orc:2    | Bought a scroll of teleportation for 36 gold pieces
 22285 | Orc:2    | 22285 ||| READING 4 scrolls of enchant armour.
 22285 | Orc:2    | 22285 ||| ENCHANTING +0 helmet.
 22286 | Orc:2    | 22286 ||| READING 3 scrolls of enchant armour.
 22286 | Orc:2    | 22286 ||| ENCHANTING +1 helmet.
 22287 | Orc:2    | 22287 ||| READING 2 scrolls of enchant armour.
 22287 | Orc:2    | 22287 ||| ENCHANTING +1 pair of boots.
 22382 | Orc:2    | 22382 ||| Stepping ~*~*~tactically~*~*~ (stealth).
 22402 | Orc:2    | 22402 ||| Stepping ~*~*~tactically~*~*~ (hiding).
 22411 | Orc:2    | 22411 ||| INVOKING Heroism.
 22485 | Orc:2    | Found Danni's Antique Weapon Shoppe.
 22486 | Orc:2    | 22486 ||| INVOKING Heroism.
 22503 | Orc:2    | 22503 ||| PLANNING SNAKE:1-3
 22741 | Snake:1  | Entered Level 1 of the Snake Pit
 22742 | Snake:1  | 22742 ||| INVOKING Heroism.
 22762 | Snake:1  | HP: 26/104 [salamander/+3 trident of venom (6)]
 22762 | Snake:1  | HP: 12/104 [salamander/+3 trident of venom (14)]
 22763 | Snake:1  | 22763 ||| READING 14 scrolls of teleportation.
 22764 | Snake:1  | 22764 ||| DRINKING 8 potions of heal wounds.
 22765 | Snake:1  | 22765 ||| DRINKING 7 potions of heal wounds.
 22827 | Snake:1  | 22827 ||| INVOKING Heroism.
 22856 | Snake:1  | 22856 ||| DROPPING +2 flail of draining.
 22869 | Snake:1  | 22869 ||| Stepping ~*~*~tactically~*~*~ (hiding).
 22875 | Snake:1  | 22875 ||| INVOKING Heroism.
 22877 | Snake:1  | Received a gift from Okawaru
 22933 | Snake:1  | 22933 ||| Stepping ~*~*~tactically~*~*~ (hiding).
 23053 | Snake:1  | 23053 ||| Stepping ~*~*~tactically~*~*~ (hiding).
 23071 | Snake:1  | 23071 ||| Stepping ~*~*~tactically~*~*~ (stealth).
 23072 | Snake:1  | 23072 ||| Stepping ~*~*~tactically~*~*~ (stealth).
 23087 | Snake:1  | 23087 ||| Stepping ~*~*~tactically~*~*~ (hiding).
 23164 | Snake:1  | 23164 ||| Stepping ~*~*~tactically~*~*~ (hiding).
 23165 | Snake:1  | 23165 ||| Stepping ~*~*~tactically~*~*~ (hiding).
 23223 | Snake:1  | 23223 ||| Stepping ~*~*~tactically~*~*~ (hiding).
 23224 | Snake:1  | 23224 ||| Stepping ~*~*~tactically~*~*~ (hiding).
 23248 | Snake:1  | 23248 ||| Stepping ~*~*~tactically~*~*~ (hiding).
 23257 | Snake:1  | Reached XP level 17. HP: 108/108 MP: 24/24
 23262 | Snake:1  | 23262 ||| READING scroll of enchant weapon.
 23262 | Snake:1  | 23262 ||| ENCHANTING +2 broad axe of freezing.
 23307 | Snake:1  | 23307 ||| Stepping ~*~*~tactically~*~*~ (stealth).
 23309 | Snake:1  | 23309 ||| Stepping ~*~*~tactically~*~*~ (hiding).
 23426 | Snake:1  | 23426 ||| Stepping ~*~*~tactically~*~*~ (hiding).
 23427 | Snake:1  | 23427 ||| Stepping ~*~*~tactically~*~*~ (hiding).
 23433 | Snake:1  | 23433 ||| INVOKING Heroism.
 23441 | Snake:1  | Reached skill level 18 in Axes
 23602 | Snake:1  | 23602 ||| Stepping ~*~*~tactically~*~*~ (hiding).
 23617 | Snake:1  | 23617 ||| Stepping ~*~*~tactically~*~*~ (hiding).
 23665 | Snake:1  | 23665 ||| Stepping ~*~*~tactically~*~*~ (hiding).
 23679 | Snake:1  | Noticed Louise
 23681 | Snake:1  | 23681 ||| INVOKING Heroism.
 23684 | Snake:1  | Identified the +7 short sword "Concordance" {pain, rPois}
                  | (Okawaru gifted it to you on level 1 of the Snake Pit)
 23684 | Snake:1  | Received a gift from Okawaru
 23694 | Snake:1  | Killed Louise
 23746 | Snake:1  | 23746 ||| Stepping ~*~*~tactically~*~*~ (stealth).
 23788 | Snake:1  | 23788 ||| INVOKING Heroism.
 23894 | Snake:1  | 23894 ||| Stepping ~*~*~tactically~*~*~ (hiding).
 24102 | Snake:1  | 24102 ||| Stepping ~*~*~tactically~*~*~ (hiding).
 24203 | Snake:1  | 24203 ||| UPGRADING to +1 tower shield of poison
                  | resistance.
 24213 | Snake:1  | 24213 ||| DROPPING +0 kite shield.
 24267 | Snake:2  | 24267 ||| Stepping ~*~*~tactically~*~*~ (hiding).
 24268 | Snake:2  | 24268 ||| Stepping ~*~*~tactically~*~*~ (hiding).
 24281 | Snake:2  | 24281 ||| Stepping ~*~*~tactically~*~*~ (stealth).
 24363 | Snake:2  | 24363 ||| INVOKING Heroism.
 24376 | Snake:2  | Reached skill level 14 in Shields
 24469 | Snake:2  | 24469 ||| Stepping ~*~*~tactically~*~*~ (hiding).
 24630 | Snake:2  | 24630 ||| Stepping ~*~*~tactically~*~*~ (hiding).
 24631 | Snake:2  | 24631 ||| Stepping ~*~*~tactically~*~*~ (hiding).
 24818 | Snake:2  | 24818 ||| Stepping ~*~*~tactically~*~*~ (hiding).
 24820 | Snake:2  | 24820 ||| Stepping ~*~*~tactically~*~*~ (hiding).
 24821 | Snake:2  | 24821 ||| Stepping ~*~*~tactically~*~*~ (hiding).
 24822 | Snake:2  | 24822 ||| Stepping ~*~*~tactically~*~*~ (hiding).
 24823 | Snake:2  | 24823 ||| Stepping ~*~*~tactically~*~*~ (hiding).
 24824 | Snake:2  | 24824 ||| Stepping ~*~*~tactically~*~*~ (hiding).
 24829 | Snake:2  | 24829 ||| Stepping ~*~*~tactically~*~*~ (hiding).
 24830 | Snake:2  | 24830 ||| Stepping ~*~*~tactically~*~*~ (hiding).
 25047 | Snake:2  | Identified the +1 spear "Wyxzafrimm" {antimagic, Stlth+}
 25153 | Snake:2  | 25153 ||| Stepping ~*~*~tactically~*~*~ (hiding).
 25178 | Snake:2  | 25178 ||| Stepping ~*~*~tactically~*~*~ (stealth).
 25180 | Snake:2  | 25180 ||| Stepping ~*~*~tactically~*~*~ (stealth).
 25182 | Snake:2  | 25182 ||| Stepping ~*~*~tactically~*~*~ (hiding).
 25185 | Snake:2  | 25185 ||| Stepping ~*~*~tactically~*~*~ (hiding).
 25201 | Snake:2  | Reached skill level 15 in Shields
 25283 | Snake:2  | 25283 ||| Stepping ~*~*~tactically~*~*~ (stealth).
 25307 | Snake:2  | 25307 ||| INVOKING Heroism.
 25391 | Snake:3  | 25391 ||| Stepping ~*~*~tactically~*~*~ (hiding).
 25400 | Snake:3  | 25400 ||| INVOKING Heroism.
 25425 | Snake:3  | 25425 ||| Stepping ~*~*~tactically~*~*~ (stealth).
 25438 | Snake:3  | 25438 ||| Stepping ~*~*~tactically~*~*~ (stealth).
 25440 | Snake:3  | 25440 ||| Stepping ~*~*~tactically~*~*~ (hiding).
 25478 | Snake:3  | 25478 ||| INVOKING Heroism.
 25505 | Snake:3  | 25505 ||| Stepping ~*~*~tactically~*~*~ (hiding).
 25548 | Snake:3  | Found a transporter.
 25551 | Snake:3  | 25551 ||| INVOKING Heroism.
 25560 | Snake:3  | Found a shimmering blue altar of Sif Muna.
 25658 | Snake:3  | 25658 ||| Stepping ~*~*~tactically~*~*~ (hiding).
 25666 | Snake:3  | Received a gift from Okawaru
 25676 | Snake:3  | Reached skill level 16 in Shields
 25679 | Snake:3  | Reached ****** piety under Okawaru
 25962 | Snake:3  | 25962 ||| Stepping ~*~*~tactically~*~*~ (stealth).
 25963 | Snake:3  | 25963 ||| Stepping ~*~*~tactically~*~*~ (stealth).
 25965 | Snake:3  | 25965 ||| Stepping ~*~*~tactically~*~*~ (hiding).
 26038 | Snake:3  | 26038 ||| Stepping ~*~*~tactically~*~*~ (hiding).
 26039 | Snake:3  | 26039 ||| Stepping ~*~*~tactically~*~*~ (hiding).
 26040 | Snake:3  | 26040 ||| Stepping ~*~*~tactically~*~*~ (hiding).
 26073 | Snake:3  | 26073 ||| Stepping ~*~*~tactically~*~*~ (hiding).
 26078 | Snake:3  | 26078 ||| Stepping ~*~*~tactically~*~*~ (hiding).
 26082 | Snake:3  | 26082 ||| INVOKING Heroism.
 26086 | Snake:3  | Received a gift from Okawaru
 26276 | Snake:3  | 26276 ||| PLANNING SHOALS:1-3
 26421 | Shoals:1 | Entered Level 1 of the Shoals
 26422 | Shoals:1 | 26422 ||| INVOKING Heroism.
 26437 | Shoals:1 | Reached XP level 18. HP: 108/116 MP: 25/25
 26457 | Shoals:1 | Reached skill level 17 in Shields
 26459 | Shoals:1 | 26459 ||| DROPPING +0 morningstar.
 26490 | Shoals:1 | 26490 ||| Stepping ~*~*~tactically~*~*~ (hiding).
 26491 | Shoals:1 | 26491 ||| Stepping ~*~*~tactically~*~*~ (hiding).
 26492 | Shoals:1 | 26492 ||| Stepping ~*~*~tactically~*~*~ (hiding).
 26493 | Shoals:1 | 26493 ||| INVOKING Heroism.
 26506 | Shoals:1 | 26506 ||| Stepping ~*~*~tactically~*~*~ (hiding).
 26557 | Shoals:1 | 26557 ||| INVOKING Heroism.
 26599 | Shoals:1 | Received a gift from Okawaru
 26689 | Shoals:1 | 26689 ||| INVOKING Heroism.
 26732 | Shoals:1 | 26732 ||| INVOKING Heroism.
 26908 | Shoals:1 | 26908 ||| INVOKING Heroism.
 26909 | Shoals:1 | 26909 ||| INVOKING Finesse.
 27028 | Shoals:1 | 27028 ||| INVOKING Heroism.
 27212 | Shoals:1 | Received a gift from Okawaru
 27214 | Shoals:1 | 27214 ||| DROPPING +2 war axe of freezing.
 27405 | Shoals:1 | 27405 ||| DROPPING +2 pair of gloves.
 27459 | Shoals:2 | 27459 ||| Stepping ~*~*~tactically~*~*~ (hiding).
 27460 | Shoals:2 | 27460 ||| Stepping ~*~*~tactically~*~*~ (hiding).
 27461 | Shoals:2 | 27461 ||| Stepping ~*~*~tactically~*~*~ (stealth).
 27488 | Shoals:2 | Reached skill level 18 in Shields
 27548 | Shoals:2 | Found a transporter.
 27557 | Shoals:2 | Found a bloodstained altar of Trog.
 27557 | Shoals:2 | Noticed Witt's ghost (adept GrFi)
 27566 | Shoals:2 | Found a transporter.
 27678 | Shoals:2 | 27678 ||| Stepping ~*~*~tactically~*~*~ (hiding).
 27679 | Shoals:2 | 27679 ||| Stepping ~*~*~tactically~*~*~ (hiding).
 27681 | Shoals:2 | 27681 ||| Stepping ~*~*~tactically~*~*~ (hiding).
 27814 | Shoals:2 | 27814 ||| INVOKING Heroism.
 27902 | Shoals:2 | 27902 ||| INVOKING Heroism.
 28147 | Shoals:2 | 28147 ||| Stepping ~*~*~tactically~*~*~ (hiding).
 28338 | Shoals:3 | 28338 ||| Stepping ~*~*~tactically~*~*~ (hiding).
 28339 | Shoals:3 | 28339 ||| Stepping ~*~*~tactically~*~*~ (hiding).
 28340 | Shoals:3 | 28340 ||| Stepping ~*~*~tactically~*~*~ (hiding).
 28343 | Shoals:3 | 28343 ||| INVOKING Heroism.
 28388 | Shoals:3 | Noticed Ilsuiw
 28389 | Shoals:3 | 28389 ||| INVOKING Finesse.
 28450 | Shoals:3 | Killed Ilsuiw
 28474 | Shoals:3 | 28474 ||| INVOKING Heroism.
 28511 | Shoals:3 | 28511 ||| READING scroll of enchant weapon.
 28511 | Shoals:3 | 28511 ||| ENCHANTING +3 broad axe of freezing.
 28533 | Shoals:3 | 28533 ||| INVOKING Heroism.
 28626 | Shoals:3 | 28626 ||| INVOKING Heroism.
 28627 | Shoals:3 | 28627 ||| INVOKING Finesse.
 28629 | Shoals:3 | Found Liucw's Jewellery Boutique.
 28677 | Shoals:3 | 28677 ||| BUYING +4 ring of evasion (432 gold).
 28677 | Shoals:3 | Bought a +4 ring of evasion for 432 gold pieces
 28677 | Shoals:3 | 28677 ||| BUYING ring of ice (300 gold).
 28677 | Shoals:3 | Bought a ring of ice for 300 gold pieces
 28677 | Shoals:3 | 28677 ||| BUYING ring of resist corrosion (240 gold).
 28677 | Shoals:3 | Bought a ring of resist corrosion for 240 gold pieces
 28709 | Shoals:3 | 28709 ||| INVOKING Heroism.
 28953 | Shoals:3 | 28953 ||| INVOKING Heroism.
 29153 | Shoals:3 | 29153 ||| PLANNING SNAKE:4
 29153 | Shoals:3 | 29153 ||| UPGRADING to +4 ring of evasion.
 29155 | Shoals:3 | 29155 ||| DROPPING +6 ring of strength.
 29363 | Snake:4  | Entered Level 4 of the Snake Pit
 29372 | Snake:4  | 29372 ||| READING scroll of brand weapon.
 29372 | Snake:4  | 29372 ||| BRANDING +4 broad axe of freezing.
 29386 | Snake:4  | 29386 ||| INVOKING Heroism.
 29638 | Snake:4  | 29638 ||| Stepping ~*~*~tactically~*~*~ (hiding).
 29644 | Snake:4  | 29644 ||| Stepping ~*~*~tactically~*~*~ (hiding).
 29645 | Snake:4  | 29645 ||| Stepping ~*~*~tactically~*~*~ (hiding).
 29659 | Snake:4  | 29659 ||| INVOKING Heroism.
 29685 | Snake:4  | Reached skill level 15 in Fighting
 29762 | Snake:4  | Received a gift from Okawaru
 29764 | Snake:4  | 29764 ||| Stepping ~*~*~tactically~*~*~ (hiding).
 29799 | Snake:4  | Found Diguaq's Magic Scroll Boutique.
 29799 | Snake:4  | Found Qefrereq's Weapon Shop.
 29803 | Snake:4  | Found Totyog's Antique Weapon Boutique.
 29804 | Snake:4  | 29804 ||| Stepping ~*~*~tactically~*~*~ (hiding).
 29805 | Snake:4  | 29805 ||| INVOKING Heroism.
 29833 | Snake:4  | 29833 ||| BUYING scroll of enchant armour (127 gold).
 29833 | Snake:4  | Bought a scroll of enchant armour for 127 gold pieces
 29833 | Snake:4  | 29833 ||| BUYING scroll of teleportation (51 gold).
 29833 | Snake:4  | Bought a scroll of teleportation for 51 gold pieces
 29833 | Snake:4  | 29833 ||| BUYING scroll of teleportation (51 gold).
 29833 | Snake:4  | Bought a scroll of teleportation for 51 gold pieces
 29898 | Snake:4  | 29898 ||| Stepping ~*~*~tactically~*~*~ (hiding).
 29923 | Snake:4  | 29923 ||| Stepping ~*~*~tactically~*~*~ (hiding).
 29997 | Snake:4  | 29997 ||| Stepping ~*~*~tactically~*~*~ (hiding).
 29999 | Snake:4  | 29999 ||| Stepping ~*~*~tactically~*~*~ (hiding).
 30165 | Snake:4  | 30165 ||| INVOKING Heroism.
 30179 | Snake:4  | 30179 ||| INVOKING Heroism.
 30202 | Snake:4  | 30202 ||| Stepping ~*~*~tactically~*~*~ (hiding).
 30209 | Snake:4  | Received a gift from Okawaru
 30261 | Snake:4  | 30261 ||| INVOKING Heroism.
 30288 | Snake:4  | Reached skill level 15 in Armour
 30293 | Snake:4  | Reached XP level 19. HP: 117/124 MP: 26/26
 30312 | Snake:4  | 30312 ||| INVOKING Heroism.
 30333 | Snake:4  | 30333 ||| Stepping ~*~*~tactically~*~*~ (stealth).
 30341 | Snake:4  | 30341 ||| INVOKING Heroism.
 30348 | Snake:4  | Received a gift from Okawaru
 30364 | Snake:4  | 30364 ||| Stepping ~*~*~tactically~*~*~ (hiding).
 30441 | Snake:4  | 30441 ||| INVOKING Heroism.
 30462 | Snake:4  | Identified the +2 pair of gloves of Daonoesi {Dex+6}
                  | (Okawaru gifted it to you on level 4 of the Snake Pit)
 30462 | Snake:4  | Received a gift from Okawaru
 30468 | Snake:4  | Got a serpentine rune of Zot
 30539 | Snake:4  | 30539 ||| Stepping ~*~*~tactically~*~*~ (hiding).
 30542 | Snake:4  | 30542 ||| INVOKING Heroism.
 30545 | Snake:4  | 30545 ||| Stepping ~*~*~tactically~*~*~ (hiding).
 30707 | Snake:4  | 30707 ||| PLANNING VAULTS:1-4
 30707 | Snake:4  | 30707 ||| UPGRADING to +2 pair of gloves of Daonoesi
                  | {Dex+6}.
 30717 | Snake:4  | 30717 ||| DROPPING +2 pair of gloves.
 31024 | Vaults:1 | Entered Level 1 of the Vaults
 31041 | Vaults:1 | 31041 ||| INVOKING Heroism.
 31154 | Vaults:1 | 31154 ||| Stepping randomly (stuck).
 31209 | Vaults:1 | 31209 ||| INVOKING Finesse.
 31407 | Vaults:1 | 31407 ||| INVOKING Heroism.
 31418 | Vaults:1 | Reached skill level 6 in Dodging
 31433 | Vaults:1 | Found Rezyic's General Store.
 31442 | Vaults:1 | 31442 ||| BUYING potion of lignification (66 gold).
 31442 | Vaults:1 | Bought a potion of lignification for 66 gold pieces
 31580 | Vaults:1 | 31580 ||| INVOKING Heroism.
 31581 | Vaults:1 | 31581 ||| INVOKING Finesse.
 31737 | Vaults:1 | 31737 ||| SWAPPING to +2 vampiric war axe.
 32406 | Vaults:2 | 32406 ||| INVOKING Heroism.
 32407 | Vaults:2 | 32407 ||| INVOKING Finesse.
 32506 | Vaults:2 | 32506 ||| FLEEEEING.
 32508 | Vaults:2 | 32508 ||| FLEEEEING.
 32509 | Vaults:2 | 32509 ||| FLEEEEING.
 32510 | Vaults:2 | 32510 ||| FLEEEEING.
 32511 | Vaults:2 | 32511 ||| FLEEEEING.
 32512 | Vaults:2 | 32512 ||| FLEEEEING.
 32515 | Vaults:2 | 32515 ||| FLEEEEING.
 32516 | Vaults:2 | 32516 ||| STAIRDANCE
 32620 | Vaults:2 | 32620 ||| STAIRDANCE
 32744 | Vaults:2 | 32744 ||| STAIRDANCE
 32954 | Vaults:2 | 32954 ||| STAIRDANCE
 32965 | Vaults:2 | 32965 ||| STAIRDANCE
 33163 | Vaults:2 | 33163 ||| Stepping ~*~*~tactically~*~*~ (stealth).
 33171 | Vaults:2 | 33171 ||| Stepping ~*~*~tactically~*~*~ (stealth).
 33173 | Vaults:2 | 33173 ||| Stepping ~*~*~tactically~*~*~ (stealth).
 33177 | Vaults:2 | 33177 ||| Stepping ~*~*~tactically~*~*~ (stealth).
 33191 | Vaults:2 | 33191 ||| Stepping ~*~*~tactically~*~*~ (stealth).
 33193 | Vaults:2 | 33193 ||| Stepping ~*~*~tactically~*~*~ (stealth).
 33254 | Vaults:2 | 33254 ||| Stepping ~*~*~tactically~*~*~ (hiding).
 33259 | Vaults:2 | 33259 ||| Stepping ~*~*~tactically~*~*~ (stealth).
 33260 | Vaults:2 | 33260 ||| Stepping ~*~*~tactically~*~*~ (hiding).
 33261 | Vaults:2 | 33261 ||| INVOKING Heroism.
 33267 | Vaults:2 | Paralysed by a sphinx for 3 turns
 33304 | Vaults:2 | Reached skill level 19 in Shields
 33315 | Vaults:2 | 33315 ||| INVOKING Heroism.
 33317 | Vaults:2 | 33317 ||| INVOKING Finesse.
 33378 | Vaults:2 | Received a gift from Okawaru
 33380 | Vaults:2 | 33380 ||| INVOKING Heroism.
 33436 | Vaults:2 | 33436 ||| Stepping ~*~*~tactically~*~*~ (hiding).
 33441 | Vaults:2 | 33441 ||| INVOKING Heroism.
 33855 | Vaults:2 | 33855 ||| INVOKING Heroism.
 33880 | Vaults:2 | Received a gift from Okawaru
 33887 | Vaults:2 | Reached XP level 20. HP: 132/132 MP: 27/27
 34364 | Vaults:3 | 34364 ||| READING scroll of enchant weapon.
 34364 | Vaults:3 | 34364 ||| ENCHANTING +2 vampiric war axe.
 34369 | Vaults:3 | 34369 ||| Stepping ~*~*~tactically~*~*~ (hiding).
 34375 | Vaults:3 | 34375 ||| INVOKING Heroism.
 34430 | Vaults:3 | Found a staircase to the Crypt.
 34454 | Vaults:3 | 34454 ||| Stepping ~*~*~tactically~*~*~ (hiding).
 34459 | Vaults:3 | 34459 ||| INVOKING Heroism.
 34477 | Vaults:3 | 34477 ||| Stepping ~*~*~tactically~*~*~ (hiding).
 34495 | Vaults:3 | Noticed Zenata
 34496 | Vaults:3 | 34496 ||| INVOKING Finesse.
 34510 | Vaults:3 | 34510 ||| INVOKING Heroism.
 34525 | Vaults:3 | Killed Zenata
 34571 | Vaults:3 | 34571 ||| INVOKING Heroism.
 34572 | Vaults:3 | 34572 ||| INVOKING Finesse.
 34691 | Vaults:3 | 34691 ||| Stepping ~*~*~tactically~*~*~ (stealth).
 34768 | Vaults:3 | 34768 ||| INVOKING Heroism.
 34773 | Vaults:3 | Identified the +5 ring mail of Burning Tender Moments
                  | {Dex+4} (Okawaru gifted it to you on level 3 of the Vaults)
 34773 | Vaults:3 | Received a gift from Okawaru
 34873 | Vaults:3 | Reached skill level 9 in Throwing
 34899 | Vaults:3 | 34899 ||| INVOKING Heroism.
 34989 | Vaults:3 | 34989 ||| INVOKING Heroism.
 35145 | Vaults:3 | 35145 ||| INVOKING Heroism.
 35207 | Vaults:3 | Noticed Margery
 35208 | Vaults:3 | 35208 ||| DRINKING 4 potions of resistance.
 35209 | Vaults:3 | 35209 ||| INVOKING Heroism.
 35210 | Vaults:3 | 35210 ||| INVOKING Finesse.
 35233 | Vaults:3 | Killed Margery
 35693 | Vaults:3 | 35693 ||| FLEEEEING.
 35697 | Vaults:3 | 35697 ||| FLEEEEING.
 35698 | Vaults:3 | 35698 ||| FLEEEEING.
 35699 | Vaults:3 | 35699 ||| FLEEEEING.
 35700 | Vaults:3 | 35700 ||| FLEEEEING.
 35701 | Vaults:3 | 35701 ||| FLEEEEING.
 35702 | Vaults:3 | 35702 ||| FLEEEEING.
 35703 | Vaults:3 | 35703 ||| FLEEEEING.
 35708 | Vaults:3 | 35708 ||| FLEEEEING.
 35709 | Vaults:3 | 35709 ||| FLEEEEING.
 35710 | Vaults:3 | 35710 ||| FLEEEEING.
 35711 | Vaults:3 | 35711 ||| FLEEEEING.
 35712 | Vaults:3 | 35712 ||| FLEEEEING.
 35713 | Vaults:3 | 35713 ||| FLEEEEING.
 35714 | Vaults:3 | 35714 ||| FLEEEEING.
 35720 | Vaults:3 | 35720 ||| FLEEEEING.
 35721 | Vaults:3 | 35721 ||| FLEEEEING.
 35722 | Vaults:3 | 35722 ||| FLEEEEING.
 35723 | Vaults:3 | 35723 ||| FLEEEEING.
 35724 | Vaults:3 | 35724 ||| FLEEEEING.
 35725 | Vaults:3 | 35725 ||| FLEEEEING.
 35726 | Vaults:3 | 35726 ||| FLEEEEING.
 35727 | Vaults:3 | 35727 ||| FLEEEEING.
 35728 | Vaults:3 | 35728 ||| FLEEEEING.
 35729 | Vaults:3 | 35729 ||| FLEEEEING.
 35730 | Vaults:3 | 35730 ||| FLEEEEING.
 35731 | Vaults:3 | 35731 ||| FLEEEEING.
 35732 | Vaults:3 | 35732 ||| FLEEEEING.
 35735 | Vaults:3 | 35735 ||| FLEEEEING.
 35736 | Vaults:3 | 35736 ||| FLEEEEING.
 35747 | Vaults:3 | 35747 ||| FLEEEEING.
 35748 | Vaults:3 | 35748 ||| FLEEEEING.
 35749 | Vaults:3 | 35749 ||| FLEEEEING.
 35750 | Vaults:3 | 35750 ||| FLEEEEING.
 35751 | Vaults:3 | 35751 ||| FLEEEEING.
 35752 | Vaults:3 | 35752 ||| FLEEEEING.
 35757 | Vaults:3 | 35757 ||| FLEEEEING.
 35758 | Vaults:3 | 35758 ||| FLEEEEING.
 35770 | Vaults:3 | 35770 ||| FLEEEEING.
 35773 | Vaults:3 | 35773 ||| STAIRDANCE
 35875 | Vaults:2 | 35875 ||| DROPPING +1 cloak.
 35876 | Vaults:2 | 35876 ||| DROPPING amulet of faith.
 35881 | Vaults:3 | 35881 ||| STAIRDANCE
 35991 | Vaults:3 | 35991 ||| STAIRDANCE
 36156 | Vaults:3 | 36156 ||| FLEEEEING.
 36165 | Vaults:3 | 36165 ||| Stepping ~*~*~tactically~*~*~ (hiding).
 36172 | Vaults:3 | 36172 ||| DRINKING 15 potions of curing.
 36172 | Vaults:3 | 36172 ||| (to cure confusion)
 36555 | Vaults:3 | 36555 ||| Stepping ~*~*~tactically~*~*~ (hiding).
 36570 | Vaults:3 | Paralysed by a great orb of eyes for 5 turns
 36654 | Vaults:3 | 36654 ||| Stepping randomly (stuck).
 36666 | Vaults:3 | 36666 ||| Stepping randomly (stuck).
 36667 | Vaults:3 | 36667 ||| Stepping randomly (stuck).
 36966 | Vaults:4 | 36966 ||| INVOKING Heroism.
 36971 | Vaults:4 | 36971 ||| Stepping ~*~*~tactically~*~*~ (hiding).
 37048 | Vaults:4 | 37048 ||| Stepping ~*~*~tactically~*~*~ (hiding).
 37240 | Vaults:4 | 37240 ||| FLEEEEING.
 37244 | Vaults:4 | 37244 ||| FLEEEEING.
 37245 | Vaults:4 | 37245 ||| STAIRDANCE
 37357 | Vaults:4 | 37357 ||| STAIRDANCE
 37491 | Vaults:4 | 37491 ||| Stepping ~*~*~tactically~*~*~ (hiding).
 37564 | Vaults:4 | 37564 ||| Stepping ~*~*~tactically~*~*~ (hiding).
 37571 | Vaults:4 | 37571 ||| INVOKING Heroism.
 37625 | Vaults:4 | Received a gift from Okawaru
 37728 | Vaults:4 | 37728 ||| Stepping ~*~*~tactically~*~*~ (stealth).
 37745 | Vaults:4 | 37745 ||| INVOKING Heroism.
 37785 | Vaults:4 | 37785 ||| Stepping randomly (stuck).
 37787 | Vaults:4 | 37787 ||| Stepping ~*~*~tactically~*~*~ (hiding).
 37789 | Vaults:4 | 37789 ||| Stepping ~*~*~tactically~*~*~ (hiding).
 37861 | Vaults:4 | Reached XP level 21. HP: 140/140 MP: 28/28
 37865 | Vaults:4 | 37865 ||| FLEEEEING.
 37867 | Vaults:4 | 37867 ||| FLEEEEING.
 37868 | Vaults:4 | 37868 ||| FLEEEEING.
 37869 | Vaults:4 | 37869 ||| FLEEEEING.
 37870 | Vaults:4 | 37870 ||| FLEEEEING.
 37871 | Vaults:4 | 37871 ||| FLEEEEING.
 37872 | Vaults:4 | 37872 ||| FLEEEEING.
 37873 | Vaults:4 | 37873 ||| FLEEEEING.
 37874 | Vaults:4 | 37874 ||| FLEEEEING.
 37875 | Vaults:4 | 37875 ||| FLEEEEING.
 37876 | Vaults:4 | 37876 ||| FLEEEEING.
 37882 | Vaults:4 | 37882 ||| FLEEEEING.
 37883 | Vaults:4 | 37883 ||| FLEEEEING.
 37884 | Vaults:4 | 37884 ||| FLEEEEING.
 37885 | Vaults:4 | 37885 ||| FLEEEEING.
 37886 | Vaults:4 | 37886 ||| FLEEEEING.
 37887 | Vaults:4 | 37887 ||| FLEEEEING.
 37890 | Vaults:4 | 37890 ||| FLEEEEING.
 37891 | Vaults:4 | 37891 ||| FLEEEEING.
 37892 | Vaults:4 | 37892 ||| FLEEEEING.
 37893 | Vaults:4 | 37893 ||| FLEEEEING.
 37894 | Vaults:4 | 37894 ||| FLEEEEING.
 37895 | Vaults:4 | 37895 ||| FLEEEEING.
 37896 | Vaults:4 | 37896 ||| FLEEEEING.
 37897 | Vaults:4 | 37897 ||| FLEEEEING.
 37898 | Vaults:4 | 37898 ||| FLEEEEING.
 37899 | Vaults:4 | 37899 ||| FLEEEEING.
 37945 | Vaults:4 | Identified the +4 plate armour "Veczil" {Dex+3} (Okawaru
                  | gifted it to you on level 4 of the Vaults)
 37945 | Vaults:4 | Received a gift from Okawaru
 38040 | Vaults:4 | 38040 ||| Stepping ~*~*~tactically~*~*~ (stealth).
 38051 | Vaults:4 | 38051 ||| INVOKING Heroism.
 38064 | Vaults:4 | 38064 ||| Stepping ~*~*~tactically~*~*~ (stealth).
 38281 | Vaults:4 | Found Biki's Book Shoppe.
 38290 | Vaults:4 | Noticed Xtahua
 38291 | Vaults:4 | 38291 ||| DRINKING 3 potions of resistance.
 38292 | Vaults:4 | 38292 ||| INVOKING Heroism.
 38293 | Vaults:4 | 38293 ||| INVOKING Finesse.
 38295 | Vaults:4 | Reached skill level 18 in Fighting
 38317 | Vaults:4 | Killed Xtahua
 38506 | Vaults:4 | 38506 ||| READING scroll of enchant weapon.
 38506 | Vaults:4 | 38506 ||| ENCHANTING +3 vampiric war axe.
 38536 | Vaults:4 | Found a transporter.
 38549 | Vaults:4 | Found a transporter.
 38761 | Vaults:4 | Noticed a profane servitor
 38787 | Vaults:4 | Found a transporter.
 38791 | Vaults:4 | Found a transporter.
 38793 | Vaults:4 | Found a one-way gate to the infinite horrors of the Abyss.
 38794 | Vaults:4 | Noticed qw's ghost (veteran GrFi)
 38833 | Vaults:4 | 38833 ||| INVOKING Heroism.
 38874 | Vaults:4 | 38874 ||| PLANNING SHOALS:4
 39208 | Shoals:4 | Entered Level 4 of the Shoals
 39234 | Shoals:4 | 39234 ||| INVOKING Heroism.
 39263 | Shoals:4 | 39263 ||| INVOKING Heroism.
 39344 | Shoals:4 | Found a stormy altar of Qazlal.
 39349 | Shoals:4 | 39349 ||| Stepping ~*~*~tactically~*~*~ (stealth).
 39351 | Shoals:4 | 39351 ||| Stepping ~*~*~tactically~*~*~ (hiding).
 39371 | Shoals:4 | 39371 ||| Stepping ~*~*~tactically~*~*~ (hiding).
 39390 | Shoals:4 | 39390 ||| Stepping ~*~*~tactically~*~*~ (hiding).
 39445 | Shoals:4 | 39445 ||| Stepping ~*~*~tactically~*~*~ (stealth).
 39471 | Shoals:4 | 39471 ||| Stepping ~*~*~tactically~*~*~ (hiding).
 39472 | Shoals:4 | 39472 ||| Stepping ~*~*~tactically~*~*~ (hiding).
 39478 | Shoals:4 | 39478 ||| INVOKING Heroism.
 39567 | Shoals:4 | 39567 ||| INVOKING Heroism.
 39569 | Shoals:4 | 39569 ||| INVOKING Finesse.
 39626 | Shoals:4 | 39626 ||| Stepping ~*~*~tactically~*~*~ (hiding).
 39627 | Shoals:4 | 39627 ||| Stepping ~*~*~tactically~*~*~ (stealth).
 39628 | Shoals:4 | 39628 ||| Stepping ~*~*~tactically~*~*~ (stealth).
 39634 | Shoals:4 | 39634 ||| INVOKING Finesse.
 39644 | Shoals:4 | Reached skill level 18 in Armour
 39648 | Shoals:4 | 39648 ||| INVOKING Heroism.
 39671 | Shoals:4 | 39671 ||| Stepping ~*~*~tactically~*~*~ (hiding).
 39711 | Shoals:4 | Got a barnacled rune of Zot
 39742 | Shoals:4 | 39742 ||| Stepping ~*~*~tactically~*~*~ (hiding).
 39784 | Shoals:4 | 39784 ||| Stepping ~*~*~tactically~*~*~ (hiding).
 39784 | Shoals:4 | Paralysed by an air elemental for 1 turns
 39786 | Shoals:4 | 39786 ||| Stepping ~*~*~tactically~*~*~ (hiding).
 39787 | Shoals:4 | 39787 ||| INVOKING Heroism.
 39792 | Shoals:4 | Paralysed by an air elemental for 1 turns
 39901 | Shoals:4 | 39901 ||| Stepping ~*~*~tactically~*~*~ (hiding).
 39942 | Shoals:4 | Paralysed by an air elemental for 1 turns
 39946 | Shoals:4 | Paralysed by an air elemental for 1 turns
 39979 | Shoals:4 | 39979 ||| Stepping ~*~*~tactically~*~*~ (hiding).
 40011 | Shoals:4 | Paralysed by an air elemental for 1 turns
 40013 | Shoals:4 | 40013 ||| INVOKING Heroism.
 40147 | Shoals:4 | 40147 ||| PLANNING DEPTHS
 40368 | Depths:1 | Entered Level 1 of the Depths
 40386 | Depths:1 | 40386 ||| INVOKING Heroism.
 40387 | Depths:1 | 40387 ||| INVOKING Finesse.
 40391 | Depths:1 | Reached skill level 9 in Dodging
 40400 | Depths:1 | 40400 ||| Stepping ~*~*~tactically~*~*~ (stealth).
 40409 | Depths:1 | Reached skill level 20 in Shields
 40436 | Depths:1 | Found a gateway to Hell.
 40437 | Depths:1 | Noticed Aizul
 40454 | Depths:1 | Killed Aizul
 40529 | Depths:1 | 40529 ||| INVOKING Heroism.
 40530 | Depths:1 | 40530 ||| INVOKING Finesse.
 40597 | Depths:1 | Found a one-way gateway to a ziggurat.
 40599 | Depths:1 | 40599 ||| Stepping ~*~*~tactically~*~*~ (hiding).
 40645 | Depths:1 | 40645 ||| INVOKING Finesse.
 40650 | Depths:1 | 40650 ||| INVOKING Heroism.
 40716 | Depths:1 | 40716 ||| Stepping ~*~*~tactically~*~*~ (hiding).
 40717 | Depths:1 | 40717 ||| INVOKING Heroism.
 40718 | Depths:1 | 40718 ||| INVOKING Finesse.
 40748 | Depths:1 | Identified the +1 pair of boots "Suykakuhal" {rPois Dex+3}
                  | (Okawaru gifted it to you on level 1 of the Depths)
 40748 | Depths:1 | Received a gift from Okawaru
 40756 | Depths:1 | 40756 ||| Stepping ~*~*~tactically~*~*~ (stealth).
 40838 | Depths:1 | 40838 ||| INVOKING Heroism.
 40839 | Depths:1 | 40839 ||| INVOKING Finesse.
 40972 | Depths:1 | 40972 ||| Stepping ~*~*~tactically~*~*~ (hiding).
 40977 | Depths:1 | 40977 ||| INVOKING Heroism.
 41058 | Depths:1 | Noticed Sojobo
 41059 | Depths:1 | 41059 ||| Stepping ~*~*~tactically~*~*~ (hiding).
 41063 | Depths:1 | 41063 ||| INVOKING Heroism.
 41065 | Depths:1 | 41065 ||| INVOKING Finesse.
 41083 | Depths:1 | Killed Sojobo
 41133 | Depths:1 | 41133 ||| Stepping ~*~*~tactically~*~*~ (hiding).
 41232 | Depths:1 | 41232 ||| INVOKING Heroism.
 41304 | Depths:1 | Found a broken altar of Ashenzari.
 41305 | Depths:1 | 41305 ||| Stepping ~*~*~tactically~*~*~ (hiding).
 41312 | Depths:1 | 41312 ||| INVOKING Heroism.
 41474 | Depths:1 | 41474 ||| DRINKING 17 potions of curing.
 41474 | Depths:1 | 41474 ||| (to cure confusion)
 41486 | Depths:1 | Reached XP level 22. HP: 149/149 MP: 29/29
 41561 | Depths:1 | 41561 ||| INVOKING Heroism.
 41657 | Depths:1 | 41657 ||| UPGRADING to +1 pair of boots "Suykakuhal" {rPois
                  | Dex+3}.
 41667 | Depths:1 | 41667 ||| DROPPING +2 pair of boots.
 41672 | Depths:2 | 41672 ||| PLANNING BAZAAR
 41719 | Depths:2 | 41719 ||| INVOKING Heroism.
 41764 | Depths:2 | 41764 ||| INVOKING Heroism.
 41885 | Depths:2 | 41885 ||| Stepping ~*~*~tactically~*~*~ (hiding).
 41969 | Depths:2 | 41969 ||| Stepping ~*~*~tactically~*~*~ (hiding).
 42001 | Depths:2 | 42001 ||| INVOKING Heroism.
 42020 | Depths:2 | Found a one-way gate leading to the halls of Pandemonium.
 42037 | Depths:2 | 42037 ||| Stepping ~*~*~tactically~*~*~ (hiding).
 42059 | Depths:2 | 42059 ||| INVOKING Finesse.
 42100 | Depths:2 | 42100 ||| INVOKING Heroism.
 42187 | Depths:2 | 42187 ||| Stepping ~*~*~tactically~*~*~ (hiding).
 42273 | Depths:2 | 42273 ||| INVOKING Heroism.
 42320 | Depths:2 | Found a flickering gateway to a bazaar.
 42329 | Bazaar   | Entered a bazaar
 42336 | Bazaar   | Found Romnosyr's Armour Shop.
 42350 | Bazaar   | Found Ilakecenn's Assorted Antiques.
 42364 | Bazaar   | Found Zeanoi's General Store.
 42378 | Bazaar   | Found Wiawn's Jewellery Boutique.
 42386 | Bazaar   | 42386 ||| BUYING amulet "Ydaeneaph" {Faith rC++ Regen+
                  | Str-4 Stlth+} (471 gold).
 42386 | Bazaar   | Bought the amulet "Ydaeneaph" {Faith rC++ Regen+ Str-4
                  | Stlth+} for 471 gold pieces
 42404 | Bazaar   | Found Anits's Armour Boutique.
 42418 | Bazaar   | Found Egown's Assorted Antiques.
 42426 | Bazaar   | 42426 ||| BUYING potion of haste (190 gold).
 42426 | Bazaar   | Bought a potion of haste for 190 gold pieces
 42426 | Bazaar   | 42426 ||| BUYING potion of lignification (57 gold).
 42426 | Bazaar   | Bought a potion of lignification for 57 gold pieces
 42426 | Bazaar   | 42426 ||| BUYING scroll labelled CITY OWOZU (19 gold).
 42426 | Bazaar   | Bought a scroll labelled CITY OWOZU for 19 gold pieces
 42439 | Bazaar   | 42439 ||| READING scroll labelled CITY OWOZU.
 42439 | Bazaar   | 42439 ||| ACQUIRING 653 gold pieces
 42439 | Bazaar   | Acquired 653 gold pieces
 42444 | Depths:2 | 42444 ||| PLANNING DEPTHS
 42461 | Depths:2 | 42461 ||| INVOKING Heroism.
 42467 | Depths:2 | 42467 ||| INVOKING Finesse.
 42471 | Depths:2 | Received a gift from Okawaru
 42540 | Depths:2 | 42540 ||| INVOKING Heroism.
 42584 | Depths:2 | 42584 ||| Stepping randomly (cloudy).
 42598 | Depths:2 | 42598 ||| INVOKING Heroism.
 42651 | Depths:2 | 42651 ||| INVOKING Heroism.
 42731 | Depths:2 | 42731 ||| Stepping ~*~*~tactically~*~*~ (hiding).
 42732 | Depths:2 | 42732 ||| Stepping ~*~*~tactically~*~*~ (hiding).
 42739 | Depths:2 | 42739 ||| INVOKING Heroism.
 42760 | Depths:2 | Received a gift from Okawaru
 42762 | Depths:2 | Paralysed by a great orb of eyes for 3 turns
 42773 | Depths:2 | 42773 ||| Stepping randomly (stuck).
 42775 | Depths:2 | 42775 ||| Stepping randomly (stuck).
 42776 | Depths:2 | 42776 ||| Stepping randomly (stuck).
 42778 | Depths:2 | 42778 ||| Stepping randomly (stuck).
 42780 | Depths:2 | 42780 ||| Stepping randomly (stuck).
 42781 | Depths:2 | 42781 ||| Stepping randomly (stuck).
 42783 | Depths:2 | 42783 ||| Stepping randomly (stuck).
 42785 | Depths:2 | 42785 ||| Stepping randomly (stuck).
 42786 | Depths:2 | 42786 ||| Stepping randomly (stuck).
 42787 | Depths:2 | 42787 ||| Stepping randomly (stuck).
 42789 | Depths:2 | 42789 ||| Stepping randomly (stuck).
 42791 | Depths:2 | 42791 ||| Stepping randomly (stuck).
 42793 | Depths:2 | 42793 ||| Stepping randomly (stuck).
 42794 | Depths:2 | 42794 ||| Stepping randomly (stuck).
 42797 | Depths:2 | 42797 ||| Stepping randomly (stuck).
 42798 | Depths:2 | 42798 ||| Stepping randomly (stuck).
 42800 | Depths:2 | 42800 ||| Stepping randomly (stuck).
 42801 | Depths:2 | 42801 ||| Stepping randomly (stuck).
 42803 | Depths:2 | 42803 ||| Stepping randomly (stuck).
 42804 | Depths:2 | 42804 ||| Stepping randomly (stuck).
 42806 | Depths:2 | 42806 ||| Stepping randomly (stuck).
 42807 | Depths:2 | 42807 ||| Stepping randomly (stuck).
 42809 | Depths:2 | 42809 ||| Stepping randomly (stuck).
 42811 | Depths:2 | 42811 ||| Stepping randomly (stuck).
 42812 | Depths:2 | 42812 ||| Stepping randomly (stuck).
 42813 | Depths:2 | 42813 ||| Stepping randomly (stuck).
 42814 | Depths:2 | 42814 ||| Stepping randomly (stuck).
 42817 | Depths:2 | 42817 ||| Stepping randomly (stuck).
 42818 | Depths:2 | 42818 ||| Stepping randomly (stuck).
 42819 | Depths:2 | 42819 ||| Stepping randomly (stuck).
 42820 | Depths:2 | 42820 ||| Stepping randomly (stuck).
 42821 | Depths:2 | 42821 ||| Stepping randomly (stuck).
 42823 | Depths:2 | 42823 ||| Stepping randomly (stuck).
 42828 | Depths:2 | 42828 ||| Stepping randomly (stuck).
 42842 | Depths:2 | 42842 ||| INVOKING Heroism.
 42872 | Depths:2 | 42872 ||| Stepping ~*~*~tactically~*~*~ (hiding).
 42876 | Depths:2 | 42876 ||| Stepping ~*~*~tactically~*~*~ (hiding).
 42955 | Depths:2 | 42955 ||| INVOKING Heroism.
 43030 | Depths:2 | 43030 ||| Stepping randomly (stuck).
 43149 | Depths:2 | 43149 ||| Stepping ~*~*~tactically~*~*~ (hiding).
 43150 | Depths:2 | 43150 ||| Stepping ~*~*~tactically~*~*~ (hiding).
 43162 | Depths:2 | 43162 ||| INVOKING Heroism.
 43198 | Depths:2 | 43198 ||| Stepping randomly (cloudy).
 43209 | Depths:2 | 43209 ||| Stepping randomly (cloudy).
 43223 | Depths:2 | 43223 ||| Stepping ~*~*~tactically~*~*~ (cloud).
 43246 | Depths:2 | 43246 ||| Stepping ~*~*~tactically~*~*~ (stealth).
 43262 | Depths:2 | 43262 ||| Stepping randomly (stuck).
 43264 | Depths:2 | 43264 ||| Stepping randomly (stuck).
 43266 | Depths:2 | 43266 ||| Stepping randomly (stuck).
 43267 | Depths:2 | 43267 ||| Stepping randomly (stuck).
 43268 | Depths:2 | 43268 ||| Stepping randomly (stuck).
 43271 | Depths:2 | 43271 ||| Stepping randomly (stuck).
 43321 | Depths:2 | You are sucked into a shaft and drop 1 floor!
 43322 | Depths:3 | 43322 ||| Stepping ~*~*~tactically~*~*~ (hiding).
 43342 | Depths:3 | 43342 ||| Stepping ~*~*~tactically~*~*~ (stealth).
 43345 | Depths:3 | 43345 ||| Stepping ~*~*~tactically~*~*~ (stealth).
 43347 | Depths:3 | 43347 ||| INVOKING Heroism.
 43363 | Depths:3 | 43363 ||| DRINKING 18 potions of curing.
 43363 | Depths:3 | 43363 ||| (to cure confusion)
 43381 | Depths:3 | Received a gift from Okawaru
 43386 | Depths:3 | 43386 ||| INVOKING Heroism.
 43387 | Depths:3 | 43387 ||| INVOKING Finesse.
 43558 | Depths:2 | 43558 ||| Stepping ~*~*~tactically~*~*~ (hiding).
 43565 | Depths:2 | 43565 ||| INVOKING Heroism.
 43588 | Depths:2 | 43588 ||| Stepping ~*~*~tactically~*~*~ (stealth).
 43590 | Depths:2 | 43590 ||| Stepping ~*~*~tactically~*~*~ (stealth).
 43697 | Depths:3 | 43697 ||| INVOKING Heroism.
 43863 | Depths:3 | 43863 ||| DRINKING 17 potions of curing.
 43863 | Depths:3 | 43863 ||| (to cure confusion)
 43863 | Depths:3 | Gained mutation: You are vulnerable to heat. (rF-) [a
                  | cacodemon]
 43864 | Depths:3 | 43864 ||| INVOKING Heroism.
 43985 | Depths:3 | 43985 ||| DRINKING 4 potions of mutation.
 43985 | Depths:3 | Lost mutation: You are vulnerable to heat. (rF-) [potion of
                  | mutation]
 43985 | Depths:3 | Gained mutation: You occasionally lose the ability to drink
                  | potions when taking damage. [potion of mutation]
 43985 | Depths:3 | Gained mutation: You have a pair of small antennae on your
                  | head. [potion of mutation]
 43986 | Depths:3 | 43986 ||| DRINKING 3 potions of mutation.
 43986 | Depths:3 | Lost mutation: You occasionally lose the ability to drink
                  | potions when taking damage. [potion of mutation]
 43986 | Depths:3 | Lost mutation: You have a pair of small antennae on your
                  | head. [potion of mutation]
 43986 | Depths:3 | Gained mutation: You are somewhat resistant to further
                  | mutation. [potion of mutation]
 44028 | Depths:3 | 44028 ||| INVOKING Heroism.
 44033 | Depths:3 | 44033 ||| INVOKING Finesse.
 44199 | Depths:3 | 44199 ||| Stepping ~*~*~tactically~*~*~ (hiding).
 44233 | Depths:3 | 44233 ||| INVOKING Heroism.
 44362 | Depths:3 | 44362 ||| INVOKING Heroism.
 44363 | Depths:3 | 44363 ||| INVOKING Finesse.
 44477 | Depths:3 | 44477 ||| INVOKING Heroism.
 44478 | Depths:3 | Received a gift from Okawaru
 44608 | Depths:3 | 44608 ||| INVOKING Heroism.
 44609 | Depths:3 | 44609 ||| INVOKING Finesse.
 44666 | Depths:3 | 44666 ||| INVOKING Heroism.
 44678 | Depths:3 | Reached skill level 21 in Shields
 45092 | Depths:3 | 45092 ||| Stepping ~*~*~tactically~*~*~ (stealth).
 45103 | Depths:3 | 45103 ||| INVOKING Heroism.
 45203 | Depths:3 | 45203 ||| UPGRADING to +2 helmet.
 45325 | Depths:4 | Entered Level 4 of the Depths
 45353 | Depths:4 | 45353 ||| INVOKING Heroism.
 45390 | Depths:4 | 45390 ||| INVOKING Heroism.
 45396 | Depths:4 | Reached XP level 23. HP: 142/156 MP: 28/30
 45495 | Depths:4 | 45495 ||| Stepping ~*~*~tactically~*~*~ (stealth).
 45497 | Depths:4 | 45497 ||| INVOKING Heroism.
 45498 | Depths:4 | 45498 ||| Stepping ~*~*~tactically~*~*~ (stealth).
 45513 | Depths:4 | Received a gift from Okawaru
 45585 | Depths:4 | 45585 ||| INVOKING Heroism.
 45586 | Depths:4 | 45586 ||| INVOKING Finesse.
 45622 | Depths:4 | Noticed a caustic shrike
 45622 | Depths:4 | Noticed a caustic shrike
 45622 | Depths:4 | Noticed a caustic shrike
 45622 | Depths:4 | Noticed a caustic shrike
 45623 | Depths:4 | 45623 ||| DRINKING 16 potions of curing.
 45623 | Depths:4 | 45623 ||| (to cure confusion)
 45640 | Depths:4 | HP: 32/156 [acid[an orange crystal statue] (12)]
 45641 | Depths:4 | 45641 ||| READING 24 scrolls of teleportation.
 45641 | Depths:4 | HP: 15/156 [acid[an orange crystal statue] (5)]
 45641 | Depths:4 | HP: 3/156 [caustic shrike[an orange crystal statue] (12)]
 45641 | Depths:4 | Splashed by a caustic shrike's acid

Levels and vault maps discovered:
D:1:      lemuel_arrival_broad_hall, layout_rooms, nrook_mini_backslash,
          chequers_big_river
D:2:      layout_basic, shapermc_ecumenical_altar_acropolis
D:3:      layout_rooms, uniq_robin
D:4:      layout_loops_ring, mainiacjoe_overflow_alcove_1,
          nicolae_overflow_hidden_temple, gup_sewer_entry_pipe
D:5:      layout_rooms, grunt_temple_overflow_cloverleaf, minmay_misc_feat_rows
D:6:      layout_layer_cave, nicolae_gozag_cash_rules_everything_around_me,
          minmay_temple_entry_wispy, minmay_between, uniq_edmund
D:7:      wander_river, layout_basic, serial_shops,
          nicolae_shop_overgrown_old_shop, nrook_uturn
D:8:      layout_basic, okawaru_trees_1
D:9:      layout_loops_ring, david_orc_3, minmay_mirror_moons_of_madness,
          uniq_erica
D:10:     layout_irregular_city, enter_bailey_2, nicolae_figureground_pulse
D:11:     layout_stronghold, david_lair_shrubbed, uniq_urug
D:12:     layout_basic, grunt_decor_arrowhead, uniq_jorgrun, uniq_snorg
D:13:     layout_gridville, gammafunk_ghost_berserking_beasts
D:14:     layout_rooms, grunt_vaults_entry_fortified, minmay_strange_pillars,
          uniq_kirke
D:15:     grunt_enter_depths_magical_seal, layout_irregular_city,
          minmay_misc_feat_diagonals, uniq_roxanne
Temple:   hellmonk_temple_forest_ring
Lair:1:   layout_regular_city, pond, serial_bayou_shore_a
Lair:2:   layout_regular_city, elwin_shoals_entry_stream, grunt_megastairs_2,
          uniq_fannar
Lair:3:   layout_cave_pods, guppyfry_snake_entry_garden, special_room
          [special_room_bee], hellmonk_ghost_happy_afterlife
Lair:4:   kb_forest_paths, layout_small_grid, slime_entry_1,
          hangedman_lair_generics_rect, infiniplex_staircase_pool,
          serial_bayou_shore_b, uniq_rupert
Lair:5:   wormcave, layout_regular_city, st_stairs_5,
          chequers_serial_rivers_small_b, infiniplex_staircase_pool_2,
          uniq_sonja
Shoals:1: layout_shoals
Shoals:2: layout_shoals, gammafunk_ghost_wrathful_warriors
Shoals:3: nicolae_shoals_island_circles, layout_shoals, serial_shops,
          nicolae_diamond_shop, argonaut_gorgonesque, uniq_ilsuiw
Shoals:4: shoals_end_hellmonk_storm_palace [storm_palace_center_circular,
          storm_palace_corner_altar, storm_palace_corner_blocked,
          storm_palace_corner_grid, storm_palace_corner_reverse_hut],
          serial_shops
Snake:1:  kennysheep_snake, layout_basic, uniq_louise
Snake:2:  layout_onion
Snake:3:  gammafunk_sealed_library, layout_gridlike
Snake:4:  grunt_snake_rune_serpentine_throne, layout_concentric_octagons,
          nicolae_snake_snakes_in_the_grass, minmay_shop_star
Orc:1:    layout_caves, uniq_josephine
Orc:2:    hellmonk_orc_salted, layout_caves, serial_shops, shop, shop,
          nicolae_shop_statue_plus, portal_ice_cave_entry_animals_and_master,
          nicolae_orc_lava_room
Vaults:1: nicolae_vaults_network_square, grunt_vaults_hallway_long,
          grunt_vaults_bifocal, v_alt_pattern_3, v_misc_2, vaults_dpeg_diagonal,
          v_misc_1, layout_vaults_chaotic_city, serial_shops,
          nicolae_shop_waterfront
Vaults:2: v_pattern_4, v_misc_33, v_misc_15, nicolae_vaults_theta, v_misc_3,
          vaults_room_semicircle, nicolae_vaults_twisting_passages,
          vaults_room_fours, v_rooms_6, ontoclasm_vaults_gallery,
          ontoclasm_vaults_claustrophobia, vaults_dpeg_emergency_exit,
          layout_vaults_omnibox
Vaults:3: v_rooms_3, v_misc_24, st_cross,
          nicolae_vaults_windows_and_doors_thing, hangedman_vaults_nodes,
          minmay_crypt_entry_simple_box, v_misc_26, v_pattern_5,
          nicolae_vaults_network_s, nicolae_vaults_little_ls,
          hangedman_vaults_impose, layout_vaults_ring, uniq_margery, uniq_zenata
Vaults:4: gammafunk_ghost_abyssal_escape, v_misc_31, v_pattern_3,
          ontoclasm_vaults_decontamination, vaults_dpeg_encased_lava,
          vaults_mumra_lcd, gammafunk_sealed_arena, nicolae_vaults_big_ls,
          vaults_room_semicircle, layout_vaults_maze_bifur, serial_shops,
          shop_coins, uniq_xtahua
Depths:1: layout_gridlike, enter_ziggurat_f, hell_entry,
          cheibrodos_ashenzari_chains, hangedman_abyss_entry_splay,
          kennysheep_generic_room_7, kennysheep_random_hallway, uniq_aizul,
          uniq_sojobo
Depths:2: minmay_angry_zag, layout_gridville, grunt_decor_one_mirror,
          serial_hangedman_research, hangedman_research_probablistics,
          hangedman_research_convocations, hangedman_research_thermodynamics,
          hangedman_research_geology, hangedman_research_thanatology,
          serial_shops, bzr_entry_islet, grunt_pan_entry_zigzag, hell_entry,
          infiniplex_staircase_river, uniq_josephina
Depths:3: nicolae_whirlpool, layout_gridlike, grunt_hell_entry_dis_mu,
          marbit_kobold_abyss_entry, rand_demon_pan_entry_1, minmay_hedge_maze,
          minmay_staircase_windowed_small, grunt_megastairs_1
Depths:4: evilmike_zot_entry_diamond, layout_long_grid, nrook_mini_vaults,
          hell_entry, minivault_16, uniq_boris

Skill      XL: |  1  2  3  4  5  6  7  8  9 10 11 12 13 14 15 16 17 18 19 20 21 22 |
---------------+-------------------------------------------------------------------+-----
Axes           | 2 3 5 6 7 9 10 12 13 14 16 17 18 | 18.0
Fighting       | 4 5 6 7 8 9 10 11 12 13 15 16 17 19 20 | 20.0
Dodging        | 1 2 3 4 5 7 8 9 10 | 10.1
Throwing       | 1 3 4 5 6 7 10 11 | 11.0
Shields        | 4 5 6 7 10 13 16 18 19 20 21 | 21.0
Armour         | 7 8 11 12 13 15 16 17 18 19 | 19.9
Invocations    | 3 5 9 10 | 10.0

Action                   |  1- 3 |  4- 6 |  7- 9 | 10-12 | 13-15 | 16-18 | 19-21 | 22-24 || total
-------------------------+-------+-------+-------+-------+-------+-------+-------+-------++-------
Melee: War axe           |   103 |   150 |   327 |   470 |   205 |       |  2121 |  1072 ||  4448
       Flail             |       |       |       |     6 |    30 |       |       |       ||    36
       Broad axe         |       |       |       |       |   634 |  1512 |   191 |       ||  2337
Throw: Boomerang         |       |     6 |    19 |    48 |    72 |     1 |    26 |       ||   172
       Javelin           |       |       |       |    47 |    87 |    68 |    58 |    28 ||   288
Invok: Heroism           |       |       |       |    25 |    43 |    46 |    44 |    30 ||   188
       Finesse           |       |       |       |     3 |    16 |     6 |    16 |     7 ||    48
  Use: Scroll            |     3 |     5 |     9 |    11 |     5 |     9 |     2 |     2 ||    46
       Potion            |       |       |     1 |     2 |     3 |     2 |     4 |     5 ||    17
 Stab: Distracted        |       |       |       |       |       |     1 |       |     2 ||     3
Armor: Scale mail        |    60 |    74 |    99 |       |       |       |       |       ||   233
       Plate armour      |       |       |    49 |    67 |   366 |   486 |   573 |   444 ||  1985
       Chain mail        |       |       |       |   117 |       |       |       |       ||   117
Dodge: Dodged            |    48 |    65 |    90 |   124 |   161 |   283 |   556 |   473 ||  1800
Block: Buckler           |    25 |    49 |   131 |   190 |   272 |       |       |       ||   667
       Reflection        |       |     1 |       |     4 |    28 |   144 |    99 |    33 ||   309
       Kite shield       |       |       |       |       |    62 |   477 |       |       ||   539
       Tower shield      |       |       |       |       |       |   903 |  2167 |  1378 ||  4448

Table legend:
 A = Non-vault XP
 B = Vault XP
 C = Vault XP percentage of total XP
 D = Non-vault monster count
 E = Vault monster count
 F = Vault count percentage of total count
                 A         B        C        D         E       F
            +---------+---------+-------+---------+---------+-------
      Total |  424255 |  301114 |  41.5 |    1032 |     571 |  35.6
            +---------+---------+-------+---------+---------+-------
        D:1 |      26 |       0 |   0.0 |      16 |       0 |   0.0
        D:2 |      77 |       0 |   0.0 |      25 |       0 |   0.0
        D:3 |     140 |      33 |  19.1 |      16 |      11 |  40.7
        D:4 |     557 |      14 |   2.5 |      20 |       7 |  25.9
        D:5 |     640 |       0 |   0.0 |      20 |       0 |   0.0
        D:6 |    1020 |     748 |  42.3 |      22 |       6 |  21.4
        D:7 |    1804 |       0 |   0.0 |      27 |       0 |   0.0
        D:8 |     480 |       0 |   0.0 |      18 |       0 |   0.0
        D:9 |    3222 |    2994 |  48.2 |      27 |      14 |  34.1
       D:10 |    2566 |       0 |   0.0 |      22 |       0 |   0.0
       D:11 |    1698 |    1168 |  40.8 |       9 |       2 |  18.2
       D:12 |    4719 |    2908 |  38.1 |      17 |       2 |  10.5
       D:13 |    3683 |       0 |   0.0 |      11 |       0 |   0.0
       D:14 |    7994 |    8880 |  52.6 |      22 |      14 |  38.9
       D:15 |   13325 |    4937 |  27.0 |      32 |       9 |  22.0
     Lair:1 |    3328 |    1382 |  29.3 |      14 |       5 |  26.3
     Lair:2 |    6179 |    3164 |  33.9 |      23 |       6 |  20.7
     Lair:3 |    6617 |    2207 |  25.0 |      18 |      28 |  60.9
     Lair:4 |    7770 |   10228 |  56.8 |      27 |      29 |  51.8
     Lair:5 |    9066 |    7043 |  43.7 |      34 |      19 |  35.8
   Shoals:1 |   23601 |       0 |   0.0 |      50 |       0 |   0.0
   Shoals:2 |   11927 |       0 |   0.0 |      24 |       0 |   0.0
   Shoals:3 |    9728 |    6522 |  40.1 |      17 |      13 |  43.3
   Shoals:4 |   15141 |   24933 |  62.2 |      35 |      52 |  59.8
    Snake:1 |   21020 |   16925 |  44.6 |      41 |      35 |  46.1
    Snake:2 |   22041 |       0 |   0.0 |      43 |       0 |   0.0
    Snake:3 |   17024 |       0 |   0.0 |      34 |       0 |   0.0
    Snake:4 |   11359 |   30512 |  72.9 |      28 |      45 |  61.6
      Orc:1 |    7008 |    1959 |  21.8 |      50 |       6 |  10.7
      Orc:2 |    4356 |   15526 |  78.1 |      25 |      42 |  62.7
   Vaults:1 |   15761 |    5004 |  24.1 |      20 |       8 |  28.6
   Vaults:2 |   28399 |   20153 |  41.5 |      33 |      25 |  43.1
   Vaults:3 |   14382 |   37769 |  72.4 |      17 |      41 |  70.7
   Vaults:4 |   34657 |   19815 |  36.4 |      54 |      21 |  28.0
   Depths:1 |   29336 |   15887 |  35.1 |      40 |      12 |  23.1
   Depths:2 |   28825 |   39946 |  58.1 |      40 |      68 |  63.0
   Depths:3 |   24572 |   11149 |  31.2 |      24 |      15 |  38.5
   Depths:4 |   16508 |    8814 |  34.8 |      19 |       8 |  29.6
    Abyss:2 |    1228 |       0 |   0.0 |       5 |       0 |   0.0
    Abyss:3 |   12471 |       0 |   0.0 |      13 |       0 |   0.0
      Sewer |       0 |     494 | 100.0 |       0 |      28 | 100.0
            +---------+---------+-------+---------+---------+-------
